 Dungeon Crawl Stone Soup version 0.24.1-14-gf8d2b509d9 (webtiles) character file.

Game seed: 8628172162421112017, levelgen mode: deterministic

14933714 TittyCrusher the Centaur Porcupine (level 27, 288/288 HPs)
             Began as a Centaur Fighter on Apr 21, 2024.
             Was a High Priest of Okawaru.
             Escaped with the Orb
             ... and 15 runes on Apr 22, 2024!
             The game lasted 06:53:08 (105762 turns).

TittyCrusher the Centaur Porcupine (CeFi)         Turns: 105762, Time: 06:53:09

Health: 288/288    AC: 30    Str: 21    XL:     27
Magic:  63/63      EV: 22    Int: 21    God:    Okawaru [*****.]
Gold:   7902       SH:  0    Dex: 19    Spells: 4/51 levels left

rFire    + + .     SeeInvis +   a - +5 scythe "Finisher" {speed, eviscerate}
rCold    + . .     Gourm    .   (shield currently unavailable)
rNeg     + + +     Faith    .   H - +4 moon troll leather armour {Spirit, Regen++ MP+5}
rPois    +         Spirit   +   z - +3 hat of Pondering {ponderous, MR+ MP+10 Int+5}
rElec    +         Reflect  .   u - +0 cloak of Incorporation {MR+ Int+3 SInv}
rCorr    .         Harm     .   k - +2 pair of gloves of the Shore {rC+ rN+ Str+2 SInv}
MR       ++++.     Clarity  +   W - +1 centaur barding "Ivuiv" {rN+ Int-2 Slay+3}
Stlth    +.........             U - amulet of Vitality {Regen+ HP+15}
HPRegen  1.78/turn              d - ring "Teufayr" {rElec rF+ rN++ Str-2 Int+5}
MPRegen  0.38/turn              c - ring "Archal" {rPois rF+ MP+9 Int+2}

@: quick
A: large, hooves 3, horns 1, thin metallic scales 1, clarity, deformed body,
speed 2, screaming 1, shaggy fur 1, tough skin 3, wild magic 1, evolution 1
0: Orb of Zot
}: 15/15 runes: decaying, slimy, silver, golden, iron, obsidian, icy, bone,
abyssal, demonic, glowing, magical, fiery, dark, gossamer
a: Heroism, Finesse, Renounce Religion


You escaped.
You worshipped Okawaru.
Okawaru was extremely pleased with you.
You were not hungry.

You visited 18 branches of the dungeon, and saw 89 of its levels.
You visited Pandemonium 1 time, and saw 7 of its levels.
You visited the Abyss 4 times.
You visited 1 ziggurat, and saw 15 of its levels.
You also visited: Gauntlet and Wizlab.

You collected 15639 gold pieces.
You spent 7737 gold pieces at shops.

Inventory:

Hand Weapons
 a - the +5 scythe "Finisher" (weapon) {speed, eviscerate}
   (You found it on level 3 of the Crypt)

   Attacks with this weapon are significantly faster.
 b - a +9 bardiche of flaming
 l - the +7 lajatang of Order {silver, rMut}
   (You found it on level 5 of the Pits of Slime)

   It protects you from mutation.
 B - the +4 staff of Dispater
   (You took it off Dispater on level 7 of the Iron City of Dis)
Armour
 k - the +2 pair of gloves of the Shore (worn) {rC+ rN+ Str+2 SInv}
   (You found it in a Gauntlet)

   It affects your strength (+2).
   It protects you from cold.
   It protects you from negative energy.
   It lets you see invisible.
 u - the +0 cloak of Incorporation (worn) {MR+ Int+3 SInv}
   (Okawaru gifted it to you in Pandemonium)

   It affects your intelligence (+3).
   It affects your resistance to hostile enchantments.
   It lets you see invisible.
 z - the +3 hat of Pondering (worn) {ponderous, MR+ MP+10 Int+5}
   (Okawaru gifted it to you on level 7 of Gehenna)

   It affects your intelligence (+5).
   It affects your resistance to hostile enchantments.
   It affects your magic capacity (+10).
 C - the +2 helmet of the Thirteen Lies {rElec Dex+2}
   (You bought it in a shop on level 2 of the Orcish Mines)

   It affects your dexterity (+2).
   It insulates you from electricity.
 H - the +4 moon troll leather armour (worn) {Spirit, Regen++ MP+5}
   (You took it off a moon troll in a wizard's laboratory)

   It affects your magic capacity (+5).
   It increases your rate of regeneration.
 V - the +2 helmet "Loetuj" {rN+ MR+ rCorr}
   (Okawaru gifted it to you on level 2 of the Vaults)

   It protects you from negative energy.
   It affects your resistance to hostile enchantments.
   It provides partial protection from all sources of acid and corrosion.
 W - the +1 centaur barding "Ivuiv" (worn) {rN+ Int-2 Slay+3}
   (Okawaru gifted it to you on level 3 of the Depths)

   It affects your intelligence (-2).
   It affects your accuracy and damage with ranged weapons and melee attacks
   (+3).
   It protects you from negative energy.
 Y - the +15 plate armour of Gestures {MP+9 Slay+5}
   (You found it on level 2 of the Depths)

   It affects your accuracy and damage with ranged weapons and melee attacks
   (+5).
   It affects your magic capacity (+9).
 Z - the +1 centaur barding of Peisig {+Blink rPois}
   (Okawaru gifted it to you on level 7 of Cocytus)

   It protects you from poison.
   It lets you blink.
Jewellery
 c - the ring "Archal" (right hand) {rPois rF+ MP+9 Int+2}
   (You found it on level 7 of Tartarus)

   [ring of magical power]

   It affects your intelligence (+2).
   It protects you from fire.
   It protects you from poison.
   It affects your magic capacity (+9).
 d - the ring "Teufayr" (left hand) {rElec rF+ rN++ Str-2 Int+5}
   (You took it off a vault sentinel on level 5 of the Vaults)

   [ring of intelligence]

   It affects your strength (-2).
   It affects your intelligence (+5).
   It protects you from fire.
   It insulates you from electricity.
   It greatly protects you from negative energy.
 o - the ring of Peuwositt {rPois rCorr Int+3}
   (You bought it in a shop on level 4 of the Dungeon)

   [ring of resist corrosion]

   It affects your intelligence (+3).
   It protects you from poison.
   It provides partial protection from all sources of acid and corrosion.
 p - the ring "Yrhomi" {rElec rPois rCorr Stlth-}
   (You found it in Pandemonium)

   [ring of resist corrosion]

   It insulates you from electricity.
   It protects you from poison.
   It provides partial protection from all sources of acid and corrosion.
   It makes you less stealthy.
 s - the ring of Xoduupp {+Fly rC+ Str+4 Dex+4}
   (You found it on level 2 of the Depths)

   [ring of flight]

   It affects your strength (+4).
   It affects your dexterity (+4).
   It protects you from cold.
   It lets you fly.
 v - the ring "Luyluud" {+Blink rPois rF+ rCorr Dex-2}
   (You took it off a balrug in Pandemonium)

   [ring of resist corrosion]

   It affects your dexterity (-2).
   It protects you from fire.
   It protects you from poison.
   It lets you blink.
   It provides partial protection from all sources of acid and corrosion.
 w - the ring of Liberalism {Fire rPois MR+ Str+4 Dex+3}
   (You found it on level 7 of Cocytus)

   [ring of fire]

   It enhances your fire magic.
   It affects your strength (+4).
   It affects your dexterity (+3).
   It protects you from fire.
   It makes you vulnerable to cold.
   It protects you from poison.
   It affects your resistance to hostile enchantments.
 y - the ring of Phasing {EV+8}
   (You found it on level 5 of a ziggurat)

   [ring of evasion]

   It affects your evasion (+8).
 A - an uncursed amulet of the acrobat
 L - the ring "Ampus" {rElec rPois rF+++ rC- Stlth+}
   (You found it on level 7 of a ziggurat)

   [ring of poison resistance]

   It renders you almost immune to fire.
   It makes you vulnerable to cold.
   It insulates you from electricity.
   It protects you from poison.
   It makes you more stealthy.
 N - the ring of Diamet {+Fly Str+7}
   (You found it on level 11 of a ziggurat)

   [ring of flight]

   It affects your strength (+7).
   It lets you fly.
 T - the ring "Xoan Osa" {rPois AC+4 Int+4 Dex-3 SInv}
   (You found it on level 11 of a ziggurat)

   [ring of protection]

   It affects your AC (+4).
   It affects your intelligence (+4).
   It affects your dexterity (-3).
   It protects you from poison.
   It lets you see invisible.
 U - the amulet of Vitality (around neck) {Regen+ HP+15}
   (You found it on level 3 of the Depths)

   [amulet of regeneration]

   It affects your health (+15).
   It increases your rate of regeneration.
Wands
 O - a wand of scattershot (31)
 P - a wand of acid (12)
 R - a wand of digging (10)
Scrolls
 g - 6 scrolls of fog
 h - 5 scrolls of immolation
 n - 38 scrolls of teleportation
 r - 17 scrolls of remove curse
 F - a scroll of magic mapping
 K - 12 scrolls of blinking
 M - 3 scrolls of fear
 S - a scroll of holy word
Potions
 i - 2 potions of invisibility
 j - 4 potions of ambrosia
 m - 2 potions of resistance
 q - 24 potions of curing
 t - 3 potions of heal wounds
 x - 7 potions of mutation
 D - 6 potions of agility
 E - 3 potions of might
 G - 11 potions of flight
 I - 12 potions of lignification
 J - 4 potions of cancellation
 X - 4 potions of magic
Miscellaneous
 e - a lamp of fire
 Q - a lightning rod (4/4)
Comestibles
 f - 37 rations


   Skills:
 O Level 27 Fighting
 O Level 27 Polearms
 - Level 15.0 Armour
 - Level 18.7 Dodging
   Level 2.1 Shields
 - Level 12.9 Spellcasting
 - Level 7.3 Hexes
 - Level 10.5 Charms
 - Level 5.6 Summonings
 - Level 8.8 Necromancy
 - Level 24.1 Translocations
 + Level 22.6 Invocations
 - Level 18.6 Evocations


You had 4 spell levels left.
You knew the following spells:

 Your Spells              Type           Power        Failure   Level  Hunger
a - Song of Slaying       Chrm           ######..     1%          2    None
b - Regeneration          Chrm/Necr      ######....   1%          3    None
c - Swiftness             Chrm/Air       #####...     1%          2    None
d - Spectral Weapon       Hex/Chrm       ######..     1%          3    None
e - Corpse Rot            Necr           N/A          1%          2    None
f - Apportation           Tloc           ######       1%          1    None
g - Summon Butterflies    Summ           #####...     1%          1    None
h - Controlled Blink      Tloc           N/A          3%          8    #######
i - Invisibility          Hex            ######..     45%         6    #####..
j - Deflect Missiles      Chrm/Air       #####.....   75%         6    #####..
k - Dispersal             Tloc           #######...   1%          6    #####..
l - Lesser Beckoning      Tloc           #######...   1%          3    None
m - Passage of Golubria   Tloc           N/A          1%          4    None

Your spell library contained the following spells:

 Spells                   Type           Power        Failure   Level  Hunger
 Animate Skeleton         Necr           N/A          1%          1    None
 Confusing Touch          Hex            ######       1%          1    None
 Corona                   Hex            ######.      1%          1    None
 Infusion                 Chrm           ####         1%          1    None
 Pain                     Necr           ####         1%          1    None
 Summon Small Mammal      Summ           ####         1%          1    None
 Call Imp                 Summ           #####...     1%          2    None
 Shroud of Golubria       Chrm/Tloc      ######       1%          2    None
 Slow                     Hex            ######..     1%          2    None
 Sublimation of Blood     Necr           ######....   1%          2    None
 Confuse                  Hex            ######..     1%          3    None
 Gell's Gravitas          Tloc           #######...   1%          3    None
 Portal Projectile        Hex/Tloc       ######       1%          3    None
 Recall                   Summ/Tloc      N/A          1%          3    None
 Tukima's Dance           Hex            ######..     1%          3    None
 Vampiric Draining        Necr           ######....   1%          3    None
 Force Lance              Conj/Tloc      ######..     1%          4    None
 Summon Guardian Golem    Hex/Summ       ######..     2%          3    None
 Animate Dead             Necr           N/A          2%          4    None
 Ensorcelled Hibernation  Hex/Ice        #####.       3%          2    None
 Call Canine Familiar     Summ           #####...     3%          3    None
 Ozocubu's Armour         Chrm/Ice       #####...     3%          3    None
 Cause Fear               Hex            ######....   4%          4    None
 Dazzling Spray           Conj/Hex       #####.       6%          3    None
 Inner Flame              Hex/Fire       #####...     6%          3    None
 Beastly Appendage        Tmut           ###...       9%          1    None
 Flame Tongue             Conj/Fire      ###..        9%          1    None
 Freeze                   Ice            ###.         9%          1    None
 Magic Dart               Conj           ###.         9%          1    None
 Sandblast                Erth           ###...       9%          1    None
 Shock                    Conj/Air       ###.         9%          1    None
 Sting                    Conj/Pois      ###.         9%          1    None
 Passwall                 Tmut/Erth      ###.....     13%         2    None
 Poisonous Vapours        Pois/Air       ###...       13%         2    None
 Searing Ray              Conj           ###...       13%         2    None
 Sticks to Snakes         Tmut           ###.....     13%         2    None
 Throw Flame              Conj/Fire      ###...       13%         2    None
 Throw Frost              Conj/Ice       ###...       13%         2    None
 Fulminant Prism          Conj/Hex       #####.....   17%         4    None
 Leda's Liquefaction      Hex/Erth       #####.....   17%         4    None
 Conjure Flame            Conj/Fire      ###.....     22%         3    None
 Ignite Poison            Fire/Tmut/Pois ###.....     22%         3    None
 Mephitic Cloud           Conj/Pois/Air  ###.....     22%         3    None
 Spider Form              Tmut/Pois      ###.......   22%         3    None
 Static Discharge         Conj/Air       ###.....     22%         3    None
 Stone Arrow              Conj/Erth      ###...       22%         3    None
 Summon Ice Beast         Ice/Summ       ####....     24%         4    None
 Summon Lightning Spire   Summ/Air       ####....     24%         4    None
 Airstrike                Air            ###.......   56%         4    None
 Ice Form                 Ice/Tmut       ###.....     56%         4    None
 Iskenderun's Mystic Bla  Conj           ###.....     56%         4    None
 Olgreb's Toxic Radiance  Pois           ###.....     56%         4    None
 Petrify                  Tmut/Erth      ###.....     56%         4    None
 Sticky Flame             Conj/Fire      ###.....     56%         4    None
 Throw Icicle             Conj/Ice       ###.....     56%         4    None
 Summon Forest            Summ/Tloc      #######...   1%          5    ####...
 Disjunction              Tloc           #######...   3%          8    #######
 Excruciating Wounds      Chrm/Necr      ######....   4%          5    ####...
 Agony                    Necr           ######..     6%          5    ####...
 Dispel Undead            Necr           ######..     6%          5    ####...
 Summon Mana Viper        Hex/Summ       ######..     16%         5    ####...
 Aura of Abjuration       Summ           #####.....   21%         5    ####...
 Summon Demon             Summ           #####.....   21%         5    ####...
 Death Channel            Necr           ######....   30%         6    #####..
 Bolt of Draining         Conj/Necr      #####.....   32%         5    ####...
 Borgnjor's Vile Clutch   Necr/Erth      #####.....   32%         5    ####...
 Metabolic Englaciation   Hex/Ice        #####.....   41%         5    ####...
 Silence                  Hex/Air        #####.....   41%         5    ####...
 Yara's Violent Unravell  Hex/Tmut       #####.....   41%         5    ####...
 Darkness                 Hex            ######....   45%         6    #####..
 Shadow Creatures         Summ           N/A          71%         6    #####..
 Simulacrum               Ice/Necr       #####.....   86%         6    #####..
 Alistair's Intoxication  Tmut/Pois      ###.....     88%         5    ####...
 Blade Hands              Tmut           ###.......   88%         5    ####...
 Bolt of Magma            Conj/Fire/Erth ###.......   88%         5    ####...
 Fireball                 Conj/Fire      ###.......   88%         5    ####...
 Irradiate                Conj/Tmut      ###.......   88%         5    ####...
 Lee's Rapid Deconstruct  Erth           ###.......   88%         5    ####...
 Lightning Bolt           Conj/Air       ###.......   88%         5    ####...
 Venom Bolt               Conj/Pois      ###.......   88%         5    ####...
 Haunt                    Necr/Summ      ######....   96%         7    #######
 Ring of Flames           Chrm/Fire      #####.....   99%         7    #######
 Summon Hydra             Summ           #####.....   99%         7    #######
 Bolt of Fire             Conj/Fire      ###.......   100%        6    #####..
 Conjure Ball Lightning   Conj/Air       ###.......   100%        6    #####..
 Freezing Cloud           Conj/Ice/Air   ###.......   100%        6    #####..
 Hydra Form               Tmut           ###.......   100%        6    #####..
 Iron Shot                Conj/Erth      ###.......   100%        6    #####..
 Statue Form              Tmut/Erth      ###......    100%        6    #####..
 Borgnjor's Revivificati  Necr           ######....   100%        8    #######
 Death's Door             Chrm/Necr      ######....   100%        8    #######
 Discord                  Hex            ######....   100%        8    #######
 Infestation              Necr           ######....   100%        8    #######
 Necromutation            Tmut/Necr      #####.....   100%        8    #######
 Dragon's Call            Summ           #####.....   100%        9    #######
 Shatter                  Erth           ###.......   100%        9    #######
 Tornado                  Air            ###.......   100%        9    #######


Dungeon Overview and Level Annotations

Branches:
Dungeon (15/15)            Temple (1/1) D:7            Lair (6/6) D:9
  Swamp (4/4) Lair:4       Spider (4/4) Lair:4        Slime (5/5) Lair:5
    Orc (2/2) D:10            Elf (3/3) Orc:2        Vaults (5/5) D:14
  Crypt (3/3) Vaults:2       Tomb (3/3) Crypt:3      Depths (5/5) D:15
   Hell (visited)             Dis (7/7) Hell            Geh (7/7) Hell
    Coc (7/7) Hell            Tar (7/7) Hell            Zot (5/5) Depths:5
 WizLab (visited)         Gauntlet (visited)

Altars:
Ashenzari
Cheibriados
Dithmenos
Elyvilon
Fedhas
Gozag
Hepliaklqana
Kikubaaqudgha
Makhleb
Nemelex Xobeh
Okawaru
Qazlal
Ru
Sif Muna
Trog
Uskayaw
Vehumet
Wu Jian
Xom
Yredelemnul
Zin
The Shining One
Beogh
Jiyva

Shops:
D:4 =   D:15 *   Orc:1 }((   Orc:2 =[*   Elf:1 *   Elf:3 *   Vaults:1 ?
Vaults:4 [   Vaults:5 }=((   Depths:1 **[   Depths:3 }   Depths:4 [

Portals:
Hell: Depths:1 Depths:2 Depths:3 Depths:4 Depths:5
Abyss: Depths:4
Pandemonium: Depths:3

Annotations:
Coc:7 exclusion: 2 ice statues


Innate Abilities, Weirdness & Mutations

You have hooves in place of feet.
Armour fits poorly on your strangely shaped body.
You cover ground very quickly.
You have extremely tough skin. (AC +3)
You have a pair of small horns on your head.
You are partially covered in thin metallic scales. (AC +2)
You possess an exceptional clarity of mind.
You occasionally shout uncontrollably at your foes.
You are covered in fur. (AC +1)
Your spells are a little harder to cast, but a little more powerful.
You evolve.


Message History

No target in view!
Your hands slow down.
You see here a +0 scale mail.
There is an open door here.
There is a stone staircase leading up, spattered with blood here.
You climb upwards.
There is a stone staircase leading down here.
You see here a +0 mace.
There is an open door here.
There is a stone staircase leading up here.
You climb upwards.
There is a stone staircase leading down here.
A hellion comes into view.
The hellion gestures at you.
The sphere of damnation explodes!
The damnation engulfs you!
There is an open gate here.
There is an open door here.
There is an open door here.
There is a staircase leading out of the dungeon here.
You have escaped!

........##.........# #...2#.#####
........###........# #....#....##
........# #.######## ###.##....##
........# #.# #.##....##
######)## #.## ###.##....## #)#
#..# ♣♣♣.#.##....## #.# ##.#####
♣8..#.##...... #.# #.##..#
♣♣♣.#.##...... #.#
###.##.@#####.#.####.... ######.#
#...##'##...'.#.# #....
.......###.#.##..#...'.#.########
.......##.)..###.'...'.#.#...# #.
.......##....###.#####.#.....# #.
.......##.##..####≈≈≈........# #.
.......##......###⌠..........# ##
.......####.##...#######.....#
..........#..................####


There were no monsters in sight!

Vanquished Creatures
  Cerebov (Pan)
  Antaeus (Coc:7)
  the Royal Jelly (Slime:5)
  Asmodeus (Geh:7)
  Gloorx Vloq (Pan)
  Ereshkigal (Tar:7)
  Lom Lobon (Pan)
  the Serpent of Hell (Geh:7)
  Mnoleg (Pan)
  9 ancient liches
  Dispater (Dis:7)
  6 orbs of fire (Zot:5)
  4 pandemonium lords
  A juggernaut (Zig:6)
  23 greater mummies
  15 Killer Klowns
  8 shard shrikes
  the Lernaean hydra (Swamp:4)
  9 golden dragons
  3 caustic shrikes
  7 curse toes
  Frederick (Depths:5)
  Geryon (Hell)
  Jory (Tomb:2)
  2 profane servitors (Crypt:3)
  7 bone dragons
  19 Tzitzimimeh
  6 doom hounds
  6 electric golems
  16 Brimstone Fiends
  3 iron giants (Dis:7)
  17 tentacled monstrosities
  Rupert (D:13)
  16 Ice Fiends
  2 hellephants
  The ghost of suomimenusko the Severer, an adept NaFi of Cheibriados (Swamp:2)
  8 Hell Sentinels
  9 titans
  A moon troll (WizLab)
  27 Orb Guardians
  11 liches
  2 deep elf master archers (Elf:3)
  15 quicksilver dragons
  An eldritch tentacle (Pan)
  3 deep elf blademasters
  36 acid blobs
  10 death cobs
  22 shadow dragons
  Frances (Elf:1)
  7 sphinxes
  4 thorn hunters
  A sphinx (shapeshifter) (Zig:9)
  3 nagarajas
  13 tentacled starspawn
  22 Executioners
  8 tengu reavers
  5 ancient champions
  5 draconian monks
  A shadow dragon (shapeshifter) (Vaults:5)
  17 storm dragons
  4 revenants
  12 azure jellies
  11 fire giants
  7 deep elf sorcerers
  14 vault wardens
  3 orc warlords
  4 draconian scorchers
  5 ghost moths
  3 draconian knights
  2 warmongers (Pan)
  13 iron dragons
  25 balrugs
  4 deep elf elementalists
  17 frost giants
  Aizul (Swamp:1)
  5 corrupters
  8 emperor scorpions
  11 cacodemons
  7 draconian shifters
  Louise (Swamp:2)
  6 curse skulls
  15 war gargoyles
  43 reapers
  16 ironheart preservers
  2 spriggan defenders (Depths:4)
  6 draconian stormcallers
  37 stone giants
  7 draconian annihilators
  8 ghouls
  A stone giant (shapeshifter) (Elf:3)
  8 blood saints (Pan)
  8 entropy weavers
  4 elemental wellsprings
  15 vampire knights
  28 very ugly things
  The ghost of BaconRulez the Spear-Bearer, a journeyman HOFi of Beogh (Lair:5)
  10 green draconians
  8 deep elf demonologists
  6 lorocyprocas
  5 black suns (Pan)
  12 yellow draconians
  9 red draconians
  A minotaur (Gauntlet)
  2 dire elephants (Zig:14)
  11 deep elf annihilators
  7 purple draconians
  15 white draconians
  22 black draconians
  10 eidola
  10 spark wasps
  9 deep elf death magi
  15 mummy priests
  Josephine (D:14)
  7 green deaths
  10 ettins
  23 blizzard demons
  2 ettins (shapeshifter)
  A quicksilver dragon zombie (Tar:4)
  A fire dragon (shapeshifter) (Vaults:5)
  10 death oozes
  7 deep elf high priests
  23 fire dragons
  Fannar (Lair:1)
  2 merfolk impalers
  17 ogre magi
  9 jiangshi
  17 yaktaur captains
  18 ice dragons
  A hell beast (Depths:5)
  29 vault guards
  A quicksilver dragon skeleton (Tar:3)
  22 great orbs of eyes
  42 hydras
  4 rakshasas
  4 shambling mangroves
  8 death knights
  3 anacondas (Zig:8)
  2 ghost crabs
  A merfolk avatar (Zig:3)
  10 centaur warriors
  A queen ant (Spider:4)
  44 two-headed ogres
  A spriggan air mage (Depths:4)
  7 death yaks
  An alligator (shapeshifter) (Vaults:5)
  A catoblepas (Zig:14)
  17 alligators
  4 tengu warriors
  9 hell hogs
  8 thrashing horrors
  38 dancing weapons
  5 spriggan berserkers
  39 death scarabs
  3 orc high priests
  A naga sharpshooter (Zig:8)
  7 vampire magi
  10 deep troll earth magi
  10 shock serpents
  11 deep troll shamans
  3 storm dragon zombies
  5 iron golems
  45 sun demons
  6 titan zombies
  50 soul eaters
  30 deep elf knights
  13 spriggans
  20 hell knights
  19 shadow wraiths
  170 slime creatures
  7 small abominations
  A fire crab (shapeshifter) (Elf:3)
  11 iron trolls
  9 wretched stars
  2 salamander mystics
  6 anaconda zombies
  60 skeletal warriors
  12 sixfirhies
  4 titan skeletons
  6 unseen horrors
  30 deep trolls
  2 infernal demonspawn
  2 orange crystal statues
  16 shadow demons
  A sea snake (Zig:3)
  2 death drakes
  A death drake (shapeshifter) (Depths:4)
  5 spriggan druids
  3 wizards (Pan)
  Pikel (D:8)
  9 glowing orange brains
  3 torturous demonspawn (Pan)
  5 flayed ghosts
  7 golden dragon zombies
  5 gelid demonspawn
  26 deep elf archers
  A lindwurm (shapeshifter) (Zig:9)
  13 starcursed masses
  21 swamp dragons
  2 ghost moth zombies
  A lindwurm (Lair:6)
  An iron giant skeleton (Crypt:2)
  2 obsidian statues
  A storm dragon skeleton (Tar:7)
  16 ironbrand convokers
  2 wolf spider zombies
  34 phantasmal warriors
  3 shadow dragon zombies
  4 anaconda skeletons
  3 stone giant zombies
  3 golden dragon skeletons
  A harpy (shapeshifter) (Vaults:4)
  8 necromancers
  34 wolf spiders
  3 frost giant zombies
  16 orb spiders
  2 mana vipers
  15 orc knights
  3 shadow dragon skeletons
  4 orc sorcerers
  5 harpies
  5 oklob plants
  3 salamanders (Depths:2)
  A faun (shapeshifter) (Vaults:5)
  A salamander (shapeshifter) (Abyss:3)
  A wolf spider (shapeshifter) (Depths:3)
  40 ugly things
  An iron dragon zombie (Geh:7)
  3 shining eyes
  37 moths of wrath
  A manticore (D:13)
  5 fire giant zombies
  15 black mambas
  4 iron dragon skeletons
  5 cyclopes
  23 rust devils
  A stone giant skeleton (Geh:7)
  55 deep elf magi
  4 frost giant skeletons
  7 elephants
  3 worldbinders (Abyss:3)
  8 dire elephant zombies
  16 vault sentinels
  2 centaur zombies
  A merfolk siren (Zig:3)
  6 fire giant skeletons
  4 guardian serpents
  3 ice statues
  A naga mage (Zig:8)
  12 apocalypse crabs
  2 shock serpent zombies
  21 smoke demons
  A centaur skeleton (D:14)
  A spiny frog (shapeshifter) (Depths:1)
  A titan simulacrum (Vaults:5)
  2 shock serpent skeletons
  A gargoyle (D:11)
  2 dire elephant skeletons
  A torpor snail (Zig:14)
  A guardian serpent (shapeshifter) (Vaults:3)
  10 eyes of devastation
  10 orange demons
  2 emperor scorpion zombies
  16 molten gargoyles
  2 red draconian zombies
  18 spiny frogs
  9 komodo dragons
  2 purple draconian zombies (Crypt:2)
  3 torpor snails (shapeshifter)
  2 komodo dragons (shapeshifter)
  A catoblepas zombie (Tar:7)
  5 kobold demonologists
  15 demonic crawlers
  46 yaktaurs
  16 hellions
  2 anaconda simulacra
  3 minotaur zombies (Gauntlet)
  A redback zombie (D:14)
  32 freezing wraiths
  2 efreet
  20 rime drakes
  21 tormentors
  2 yaktaurs (shapeshifter) (Elf:1)
  56 ice devils
  11 hellwings
  30 guardian mummies
  3 harpy zombies
  3 human skeletons
  A queen bee (shapeshifter) (Vaults:5)
  35 red devils
  A catoblepas skeleton (Tar:7)
  A merfolk (D:14)
  5 ancient zymes
  4 tengu conjurers
  7 hydra zombies
  2 polar bears
  25 hornets
  17 trolls
  41 jumping spiders
  2 silent spectres
  12 tyrant leeches
  A hydra skeleton (Hell)
  2 polar bears (shapeshifter)
  Prince Ribbit (D:9)
  4 alligator zombies
  2 harpy skeletons
  4 raiju
  17 bog bodies
  A dream sheep (shapeshifter) (Vaults:5)
  An iron dragon simulacrum (Zig:13)
  12 blink frogs
  9 ettin zombies
  A fire giant simulacrum (Abyss:3)
  29 large abominations
  A dream sheep (Zig:14)
  A frost giant simulacrum (Vaults:2)
  A raiju (shapeshifter) (Depths:1)
  25 hippogriffs
  4 fire dragon zombies
  3 ice dragon zombies
  3 alligator skeletons
  A black mamba zombie (Tar:5)
  75 flying skulls
  23 water elementals
  26 tarantellas
  29 wraiths
  20 shadows
  A vampire (D:11)
  4 air elementals
  11 wyverns
  18 yaks
  A fire dragon skeleton (Pan)
  7 ettin skeletons
  Eustachio (D:6)
  93 redbacks
  20 fire elementals
  8 ynoxinuls (Pan)
  5 ice dragon skeletons
  5 golden eyes
  21 neqoxecs
  9 ushabtiu
  3 fire bats
  12 chaos spawn
  A human (shapeshifter) (Zig:9)
  7 hungry ghosts
  2 human simulacra
  6 humans
  14 basilisks
  A hog (shapeshifter) (D:14)
  11 wargs
  8 steam dragons
  13 vampire mosquitoes
  A faun zombie (Crypt:2)
  A warg (shapeshifter) (Vaults:1)
  2 nagas (Zig:8)
  A merfolk zombie (Dis:3)
  16 insubstantial wisps
  A harpy simulacrum (Tomb:3)
  A soldier ant (shapeshifter) (D:15)
  16 swamp worms
  5 acid dragons
  30 soldier ants
  13 water moccasins
  2 floating eyes
  37 hell hounds
  10 spiny frog zombies
  2 torturous demonspawn skeletons
  A floating eye (shapeshifter) (Zig:9)
  5 spiny frog skeletons
  14 swamp drakes
  65 orc warriors
  8 porcupines
  2 manticore zombies
  7 ice beasts
  3 sky beasts
  2 slaves (D:8)
  10 eyes of draining
  4 phantoms
  2 hornet zombies
  50 ogres
  23 necrophages
  4 wolves
  An ettin simulacrum (Vaults:2)
  4 snapping turtle zombies
  8 boggarts
  14 centaurs
  An elephant skeleton (Crypt:1)
  4 snapping turtle skeletons
  2 manticore skeletons
  12 crocodiles
  2 big kobolds
  An elf zombie (Coc:7)
  A gnoll sergeant (D:10)
  29 bullfrogs
  3 earth elementals
  A salamander skeleton (Crypt:2)
  2 spiny frog simulacra (Hell)
  7 wyvern skeletons (Crypt:3)
  6 scorpions
  47 wights
  11 killer bees
  A troll skeleton (Coc:7)
  A spriggan zombie (Dis:7)
  14 crimson imps
  A wolf skeleton (Crypt:1)
  A bullfrog zombie (D:7)
  5 lava snakes (Lair:6)
  4 quasits
  4 human zombies
  17 jellies
  18 orc priests
  A bullfrog skeleton (D:7)
  9 hounds
  22 iron imps
  28 orc wizards
  2 iguanas (D:8)
  27 worker ants
  5 lightning spires (Zot:3)
  2 killer bee zombies
  A tengu skeleton (Tomb:2)
  A hound skeleton (D:4)
  39 mummies
  A howler monkey zombie (Crypt:1)
  A worker ant zombie (D:7)
  9 adders
  13 gnolls
  3 howler monkey skeletons
  13 shadow imps
  31 white imps
  An ufetubus (Abyss:3)
  A worm zombie (Crypt:1)
  2 adder skeletons
  A worm (D:2)
  2 dart slugs (D:2)
  3 leopard geckos
  128 orcs
  9 bats
  10 giant cockroaches
  6 goblins
  9 hobgoblins
  8 jackals
  4 quokkas
  3 ball pythons
  A ball python skeleton (Crypt:2)
  5 frilled lizards
  A goblin skeleton (Crypt:1)
  13 kobolds
  An orc zombie (Tomb:1)
  2 quokka skeletons (D:4)
  8 rats
  3 briar patches (Swamp:3)
  A butterfly (D:6)
  4 crawling corpses
  2 diamond obelisks (Zot:3)
  2 lurking horrors
  A plant (Elf:2)
  2 spectral weapons
  11 starspawn tentacles
  A withered plant (Crypt:3)
4617 creatures vanquished.

Vanquished Creatures (others)
  A Killer Klown (Zot:4)
  An eldritch tentacle (Geh:7)
  A fire giant (Vaults:4)
  A deep elf elementalist (Elf:3)
  A black draconian (Zot:3)
  A deep elf death mage (Elf:3)
  A fire dragon (Depths:4)
  A yaktaur captain (Vaults:2)
  A deep elf knight (Elf:3)
  An ironbrand convoker (Vaults:1)
  A deep elf archer (Vaults:1)
  2 blink frogs (Swamp:3)
  A fire elemental (Elf:2)
  2 wraiths
  2 hell hounds
  A sky beast (D:15)
  An eye of draining (D:14)
  A wight (Geh:1)
  A crimson imp (Pan)
  A bullfrog skeleton (D:8)
  A white imp (Coc:7)
  5 ball lightnings (Zot:3)
  A quokka (D:8)
  3 briar patches
  A demonic plant (Gauntlet)
  A fungus (Lair:1)
  4 plants
  99 spectral weapons
  13 starspawn tentacles
  A withered plant (Crypt:3)
152 creatures vanquished.

Grand Total: 4769 creatures vanquished

Notes
Turn   | Place    | Note
-------+----------+-------------------------------------------
     0 | D:1      | TittyCrusher the Centaur Fighter began the quest for the
                  | Orb.
     0 | D:1      | Reached XP level 1. HP: 19/19 MP: 1/1
   148 | D:1      | Reached XP level 2. HP: 25/26 MP: 2/2
   747 | D:2      | Reached XP level 3. HP: 28/31 MP: 3/3
  1721 | D:3      | Found a faded altar of an unknown god.
  1945 | D:2      | Reached XP level 4. HP: 38/38 MP: 4/4
  2178 | D:3      | Found a basalt altar of Yredelemnul.
  2363 | D:3      | Reached XP level 5. HP: 45/45 MP: 5/5
  2683 | D:3      | Reached skill level 5 in Polearms
  2859 | D:4      | Found an ornate altar of the Wu Jian Council.
  2952 | D:4      | Noticed an ogre
  2965 | D:4      | Killed an ogre
  2965 | D:4      | Reached XP level 6. HP: 51/51 MP: 6/6
  3589 | D:4      | Found Zangeas's Jewellery Boutique.
  3635 | D:4      | Found an ancient bone altar of Kikubaaqudgha.
  3848 | D:5      | Entered Level 5 of the Dungeon
  3974 | D:5      | Reached XP level 7. HP: 55/57 MP: 7/7
  4248 | D:5      | Noticed a troll
  4284 | D:5      | Killed a troll
  4482 | D:5      | Found a sparkling altar of Nemelex Xobeh.
  4483 | D:5      | Found a hide-covered altar of Uskayaw.
  4484 | D:5      | Found a glowing golden altar of the Shining One.
  4487 | D:5      | Found a shimmering blue altar of Sif Muna.
  4488 | D:5      | Found a sacrificial altar of Ru.
  4602 | D:5      | Reached XP level 8. HP: 53/63 MP: 8/8
  4935 | D:6      | Found a runed translucent door.
  4937 | D:6      | Found a runed translucent door.
  5389 | D:6      | Reached skill level 10 in Polearms
  5441 | D:6      | Noticed Eustachio
  5465 | D:6      | Killed Eustachio
  5591 | D:4      | Bought an uncursed ring of protection from magic for 325
                  | gold pieces
  6297 | D:7      | Found a stormy altar of Qazlal.
  6353 | D:7      | Reached XP level 9. HP: 69/69 MP: 9/9
  6809 | D:7      | Found a staircase to the Ecumenical Temple.
  6814 | Temple   | Entered the Ecumenical Temple
  6841 | Temple   | Became a worshipper of Warmaster Okawaru
  7058 | D:7      | Found a white marble altar of Elyvilon.
  7119 | D:7      | Reached * piety under Okawaru
  7408 | D:8      | Noticed a two-headed ogre
  7422 | D:8      | Killed a two-headed ogre
  7422 | D:8      | Reached ** piety under Okawaru
  7422 | D:8      | Reached XP level 10. HP: 77/77 MP: 9/13
  7911 | D:8      | Noticed Pikel
  7972 | D:8      | Killed Pikel
  8282 | D:8      | Reached *** piety under Okawaru
  8383 | D:9      | Noticed Prince Ribbit
  8393 | D:9      | Killed Prince Ribbit
  8617 | D:9      | Found a staircase to the Lair.
  9126 | D:9      | Reached **** piety under Okawaru
  9269 | Lair:1   | Entered Level 1 of the Lair of Beasts
  9578 | Lair:1   | Noticed a seven-headed hydra
  9578 | Lair:1   | Noticed Fannar
  9578 | Lair:1   | Noticed a black mamba
  9621 | Lair:1   | Killed a seven-headed hydra
  9621 | Lair:1   | Reached XP level 11. HP: 32/82 MP: 11/14
  9922 | Lair:1   | Killed Fannar
 10304 | Lair:1   | Noticed a five-headed hydra
 10341 | Lair:1   | Killed a five-headed hydra
 10341 | Lair:1   | Reached ***** piety under Okawaru
 10401 | Lair:1   | Reached skill level 5 in Fighting
 10524 | Lair:1   | Reached skill level 10 in Fighting
 10524 | Lair:1   | Reached XP level 12. HP: 73/106 MP: 15/15
 12122 | Lair:3   | Got a twisted rapier
 12298 | Lair:3   | Received a gift from Okawaru
 12443 | Lair:3   | Got a translucent hand axe
 13001 | Lair:4   | Reached ****** piety under Okawaru
 13009 | Lair:4   | Noticed a death yak
 13011 | Lair:4   | Noticed a death yak
 13014 | Lair:4   | Noticed a death yak
 13026 | Lair:4   | Killed a death yak
 13026 | Lair:4   | Reached skill level 5 in Invocations
 13026 | Lair:4   | Reached XP level 13. HP: 100/118 MP: 8/16
 13244 | Lair:4   | Found a hole to the Spider Nest.
 13563 | Lair:4   | Reached skill level 5 in Armour
 13609 | Lair:4   | Received a gift from Okawaru
 14440 | Lair:4   | Found a staircase to the Swamp.
 14482 | Lair:4   | Received a gift from Okawaru
 14689 | Lair:5   | Identified the Papyrus of Supportive Curses
 14700 | Lair:5   | Found a staircase to the Slime Pits.
 15005 | Lair:5   | Found a large runed translucent door.
 15005 | Lair:5   | Found a large runed translucent door.
 15098 | Lair:5   | Paralysed by a floating eye for 2 turns
 15363 | Lair:5   | Noticed BaconRulez's ghost (journeyman HOFi)
 15656 | Lair:5   | Received a gift from Okawaru
 15760 | Lair:6   | Entered Level 6 of the Lair of Beasts
 15786 | Lair:6   | Reached skill level 1 in Dodging
 15959 | Lair:6   | Reached XP level 14. HP: 104/126 MP: 20/20
 16343 | Lair:6   | Received a gift from Okawaru
 16362 | Lair:6   | Reached skill level 5 in Dodging
 16534 | Lair:5   | Gained mutation: Your movements are slightly less
                  | encumbered by armour. (ER -2) [potion of mutation]
 16534 | Lair:5   | Gained mutation: You are clumsy. (Dex -2) [potion of
                  | mutation]
 16534 | Lair:5   | Gained mutation: You can translocate small distances at
                  | will. [potion of mutation]
 16574 | Lair:6   | Reached skill level 15 in Polearms
 16824 | Lair:6   | Found a large runed translucent door.
 16825 | Lair:6   | Found a large runed translucent door.
 17271 | Lair:6   | Got a pitted hunting sling
 17279 | Lair:6   | Identified the cursed +0 hunting sling "Voakhl Nanwu"
                  | {freeze, Str+8} (You found it on level 6 of the Lair of
                  | Beasts)
 17875 | D:4      | Bought an uncursed amulet of faith for 520 gold pieces
 17876 | D:4      | Bought the ring of Peuwositt {rPois rCorr Int+3} for 487
                  | gold pieces
 17883 | D:4      | Learned a level 2 spell: Song of Slaying
 18046 | D:10     | Entered Level 10 of the Dungeon
 18412 | D:10     | Reached skill level 1 in Charms
 18633 | D:10     | Found a staircase to the Orcish Mines.
 18710 | D:10     | Found a roughly hewn altar of Beogh.
 18739 | Orc:1    | Entered Level 1 of the Orcish Mines
 18813 | Orc:1    | Noticed an orc warlord
 18867 | Orc:1    | Killed an orc warlord
 18867 | Orc:1    | Received a gift from Okawaru
 18963 | Orc:1    | Found Xuenaga's Antique Weapon Shop.
 19051 | Orc:1    | Found Jahun's Weapon Shop.
 19109 | Orc:1    | Found Mogomoni's Gadget Shop.
 19207 | Orc:2    | Entered Level 2 of the Orcish Mines
 19557 | Orc:2    | Noticed an orc warlord
 19704 | Orc:2    | Reached skill level 5 in Charms
 19726 | Orc:2    | Killed an orc warlord
 19845 | Orc:2    | Found Uwiwen's Magic Scroll Shoppe.
 19845 | Orc:2    | Found Zutem's Jewellery Boutique.
 19889 | Orc:2    | Found a roughly hewn altar of Beogh.
 19910 | Orc:2    | Received a gift from Okawaru
 19911 | Orc:2    | Got a faintly glowing centaur barding {god gift}
 19957 | Orc:2    | Found Retu's Antique Armour Shoppe.
 19957 | Orc:2    | Found Luk Uhos's Assorted Antiques.
 19971 | Orc:2    | Bought a transparent helmet for 275 gold pieces
 19986 | Orc:2    | Identified the +2 helmet of the Thirteen Lies {rElec Dex+2}
                  | (You bought it in a shop on level 2 of the Orcish Mines)
 20039 | Orc:2    | Reached XP level 15. HP: 84/133 MP: 21/21
 20061 | Orc:2    | Identified the +4 centaur barding "Eja Piusiu" {rN+ rCorr
                  | Int-4} (Okawaru gifted it to you on level 2 of the Orcish
                  | Mines)
 20152 | Orc:2    | Found a staircase to the Elven Halls.
 20399 | Orc:2    | Bought a runed cloak for 180 gold pieces
 20624 | D:11     | Found a gate leading to a gauntlet.
 20657 | Gauntlet | Entered a Gauntlet
 20657 | Gauntlet | Found a transporter.
 20664 | Gauntlet | Found a transporter.
 20666 | Gauntlet | Found a transporter.
 20675 | Gauntlet | Found a transporter.
 20677 | Gauntlet | Found a transporter.
 20681 | Gauntlet | Found a runed translucent door.
 20682 | Gauntlet | Found a runed translucent door.
 20685 | Gauntlet | Found a transporter.
 20701 | Gauntlet | Found a transporter.
 20711 | Gauntlet | Found a transporter.
 20721 | Gauntlet | Found a transporter.
 20735 | Gauntlet | Found a transporter.
 20748 | Gauntlet | Found a transporter.
 20749 | Gauntlet | Found a transporter.
 20803 | Gauntlet | Found a transporter.
 20803 | Gauntlet | Found a transporter.
 20806 | Gauntlet | Found a runed translucent door.
 20942 | Gauntlet | Noticed a frost giant
 20942 | Gauntlet | a stone giant changed into a frost giant
 20943 | Gauntlet | a frost giant changed into a dire elephant
 21143 | Gauntlet | Noticed a quicksilver dragon
 21143 | Gauntlet | a dire elephant changed into a quicksilver dragon
 21152 | Gauntlet | a quicksilver dragon changed into a dire elephant
 21165 | Gauntlet | Noticed a fire giant
 21165 | Gauntlet | a dire elephant changed into a fire giant
 21167 | Gauntlet | Noticed an azure jelly
 21167 | Gauntlet | a fire giant changed into an azure jelly
 21168 | Gauntlet | Noticed a sphinx
 21168 | Gauntlet | an azure jelly changed into a sphinx
 21172 | Gauntlet | a sphinx changed into a dire elephant
 21210 | Gauntlet | Got a pair of polished gloves
 21222 | Gauntlet | Noticed a quicksilver dragon
 21222 | Gauntlet | a minotaur changed into a quicksilver dragon
 21223 | Gauntlet | Identified the +2 pair of gloves of the Shore {rC+ rN+
                  | Str+2 SInv} (You found it in a Gauntlet)
 21235 | Gauntlet | Identified the +6 shortbow of the Peculiar Deaths {speed,
                  | +Inv +Fly}
 21235 | Gauntlet | Identified the amulet "Rucwez" {Faith Dex+3 SInv}
 22100 | D:12     | Got an encrusted quarterstaff
 22101 | D:12     | Identified the cursed +1 quarterstaff "Alaxt" {crush, MP-9
                  | Str+4 SInv} (You found it on level 12 of the Dungeon)
 22742 | D:13     | Noticed Rupert
 23080 | D:13     | Found a burning altar of Makhleb.
 23319 | D:13     | Killed Rupert
 23677 | D:14     | Found a gate to the Vaults.
 23732 | D:14     | Noticed Josephine
 23756 | D:14     | Killed Josephine
 23756 | D:14     | Received a gift from Okawaru
 24516 | D:15     | Entered Level 15 of the Dungeon
 24516 | D:15     | Found Naefaoq's General Store.
 24597 | D:15     | Found a staircase to the Depths.
 24597 | D:15     | Noticed a fire giant
 24686 | D:15     | Killed a fire giant
 24839 | D:15     | Received a gift from Okawaru
 24869 | D:15     | Got a twisted demon trident {god gift}
 24870 | D:15     | Identified the +2 demon trident of Xope Imy {pain, Fragile
                  | rC+ rN+ Dex+2} (Okawaru gifted it to you on level 15 of the
                  | Dungeon)
 25640 | Swamp:1  | Entered Level 1 of the Swamp
 25683 | Swamp:1  | Noticed Aizul
 25934 | Swamp:1  | Killed Aizul
 26371 | Swamp:1  | Reached XP level 16. HP: 110/139 MP: 20/22
 26807 | Swamp:2  | Received a gift from Okawaru
 27218 | Swamp:2  | Noticed Louise
 27239 | Swamp:2  | Killed Louise
 27623 | Swamp:2  | Found a snail-covered altar of Cheibriados.
 28124 | Swamp:2  | Found a large runed translucent door.
 28124 | Swamp:2  | Found a large runed translucent door.
 28125 | Swamp:2  | Noticed suomimenusko's ghost (adept NaFi)
 28477 | Swamp:3  | Noticed a thorn hunter
 28491 | Swamp:3  | Killed a thorn hunter
 28491 | Swamp:3  | Received a gift from Okawaru
 28550 | Swamp:3  | Noticed a thorn hunter
 28564 | Swamp:3  | Received a gift from Okawaru
 28584 | Swamp:3  | Killed a thorn hunter
 29731 | Swamp:4  | Entered Level 4 of the Swamp
 29950 | Swamp:3  | Learned a level 3 spell: Regeneration
 29953 | Swamp:3  | Learned a level 2 spell: Swiftness
 29957 | Swamp:3  | Learned a level 3 spell: Spectral Weapon
 30675 | Swamp:4  | Reached skill level 1 in Hexes
 31189 | Swamp:4  | Received a gift from Okawaru
 31221 | Swamp:4  | Reached skill level 5 in Hexes
 31221 | Swamp:4  | Reached XP level 17. HP: 128/146 MP: 14/23
 31343 | Swamp:4  | Noticed the 27-headed Lernaean hydra
 31382 | Swamp:4  | Killed the 23-headed Lernaean hydra
 31479 | Swamp:4  | Got a decaying rune of Zot
 31866 | Spider:1 | Entered Level 1 of the Spider Nest
 31895 | Spider:1 | Reached skill level 1 in Evocations
 31963 | Spider:1 | Got a steaming scale mail
 31964 | Spider:1 | Identified the +0 scale mail of Ysuarahu {rF- Int+4 Slay+5
                  | Stlth+} (You found it on level 1 of the Spider Nest)
 32326 | Spider:1 | Received a gift from Okawaru
 32625 | Spider:1 | Reached skill level 5 in Evocations
 33520 | Spider:2 | Received a gift from Okawaru
 33521 | Spider:2 | Identified the +9 plate armour of the Butterfly {rCorr}
                  | (Okawaru gifted it to you on level 2 of the Spider Nest)
 34964 | Spider:3 | Reached skill level 1 in Necromancy
 35461 | Spider:4 | Entered Level 4 of the Spider Nest
 35661 | Spider:4 | Reached XP level 18. HP: 112/154 MP: 19/24
 35675 | Spider:4 | Received a gift from Okawaru
 35686 | Spider:4 | Reached skill level 5 in Necromancy
 35779 | Spider:4 | Identified the +3 glaive "Xyan" {flame, Int+5} (Okawaru
                  | gifted it to you on level 4 of the Spider Nest)
 36599 | Orc:2    | Bought a +6 ring of strength for 936 gold pieces
 36880 | Spider:4 | Received a gift from Okawaru
 37483 | Spider:4 | Got a gossamer rune of Zot
 37791 | Elf:1    | Entered Level 1 of the Elven Halls
 37819 | Elf:1    | Found a radiant altar of Vehumet.
 37867 | Elf:1    | Noticed Frances
 37884 | Elf:1    | Killed Frances
 37884 | Elf:1    | Received a gift from Okawaru
 38031 | Elf:1    | Found Iptyd's Assorted Antiques.
 38925 | Elf:1    | Received a gift from Okawaru
 39242 | Elf:1    | Found a runed translucent gate.
 39242 | Elf:1    | Found a runed translucent gate.
 39242 | Elf:1    | Found a runed translucent gate.
 39242 | Elf:1    | Found a runed translucent gate.
 39242 | Elf:1    | Found a runed translucent gate.
 39244 | Elf:1    | Found a runed translucent gate.
 40310 | Elf:2    | Reached XP level 19. HP: 80/160 MP: 18/25
 41042 | Elf:2    | Found a huge runed translucent gate.
 41042 | Elf:2    | Found a huge runed translucent gate.
 41042 | Elf:2    | Found a huge runed translucent gate.
 41042 | Elf:2    | Found a huge runed translucent gate.
 41042 | Elf:2    | Found a huge runed translucent gate.
 41210 | Elf:2    | Received a gift from Okawaru
 41849 | Elf:2    | Received a gift from Okawaru
 42339 | Elf:3    | Entered Level 3 of the Elven Halls
 42601 | Elf:3    | Found Xalyagor's Assorted Antiques.
 43585 | Elf:3    | Identified the ring "Haerirom" {Ice Int+2}
 44711 | Elf:3    | Cast into level 3 of the Abyss (a deep elf sorcerer)
 45084 | Abyss:3  | Received a gift from Okawaru
 45090 | Elf:3    | Escaped the Abyss
 45115 | Elf:3    | Identified the +3 short sword "Appuk" {vamp, rPois}
 45195 | Elf:3    | Identified the Almanac of Unstable Ignition
 45238 | Elf:3    | Cast into level 3 of the Abyss (a deep elf sorcerer)
 45257 | Abyss:3  | Found a corrupted altar of Lugonu.
 45278 | Abyss:3  | Noticed a lich
 45280 | Abyss:3  | Paralysed by a lich for 2 turns
 45287 | Abyss:3  | Paralysed by a lich for 7 turns
 45302 | Abyss:3  | Paralysed by a lich for 3 turns
 45306 | Abyss:3  | Killed a lich
 45306 | Abyss:3  | Reached skill level 10 in Armour
 45306 | Abyss:3  | Reached XP level 20. HP: 119/168 MP: 26/26
 45325 | Abyss:3  | Found a corrupted altar of Lugonu.
 45335 | Abyss:3  | Found a corrupted altar of Lugonu.
 45480 | Elf:3    | Escaped the Abyss
 45492 | Elf:3    | Gained mutation: You do not regenerate when monsters are
                  | visible. [mutagenic glow]
 45585 | Elf:3    | Identified the Papyrus of Conjuration
 45601 | Elf:3    | Got a distressingly furry plate armour
 45606 | Elf:3    | Got an encrusted arbalest
 45607 | Elf:3    | Identified the +8 arbalest of the Pit {velocity, Int+3}
                  | (You found it on level 3 of the Elven Halls)
 45621 | Elf:3    | Identified the +2 plate armour of the Present {Int-3 Dex+5}
                  | (You found it on level 3 of the Elven Halls)
 45656 | Elf:3    | Learned a level 2 spell: Corpse Rot
 45831 | Elf:1    | Cast into level 3 of the Abyss (+1 halberd of distortion)
 45933 | Abyss:3  | Noticed a bone dragon
 45958 | Abyss:3  | Killed a bone dragon
 46030 | Abyss:3  | Got an abyssal rune of Zot
 46041 | Elf:1    | Escaped the Abyss
 46051 | Elf:1    | Bought a gnarled glowing staff for 432 gold pieces
 46364 | Vaults:1 | Entered Level 1 of the Vaults
 46452 | Vaults:1 | Found Tevuwaxtapn's Magic Scroll Shoppe.
 46470 | Vaults:1 | Lost mutation: You do not regenerate when monsters are
                  | visible. [potion of mutation]
 46470 | Vaults:1 | Lost mutation: You are clumsy. (Dex -2) [potion of
                  | mutation]
 46470 | Vaults:1 | Gained mutation: You are clumsy. (Dex -2) [potion of
                  | mutation]
 46470 | Vaults:1 | Gained mutation: You are partially covered in rugged brown
                  | scales. (AC +1, +3% HP) [potion of mutation]
 46470 | Vaults:1 | Gained mutation: You are robust. (+10% HP) [potion of
                  | mutation]
 46478 | Vaults:1 | Bought a scroll of enchant weapon for 105 gold pieces
 46717 | Orc:2    | Bought a scroll of enchant weapon for 120 gold pieces
 46894 | Elf:3    | Received a gift from Okawaru
 46897 | Elf:3    | Bought a scroll of enchant weapon for 202 gold pieces
 46897 | Elf:3    | Bought a potion of curing for 81 gold pieces
 46897 | Elf:3    | Bought a potion of curing for 81 gold pieces
 46897 | Elf:3    | Bought a scroll of fog for 54 gold pieces
 47504 | Vaults:1 | Received a gift from Okawaru
 47607 | Vaults:1 | Received a gift from Okawaru
 48416 | Vaults:1 | Reached skill level 10 in Dodging
 48642 | Vaults:2 | Reached XP level 21. HP: 175/196 MP: 18/27
 48786 | Vaults:2 | Received a gift from Okawaru
 48814 | Vaults:2 | Got a transparent helmet {god gift}
 48825 | Vaults:2 | Identified the +2 helmet "Loetuj" {rN+ MR+ rCorr} (Okawaru
                  | gifted it to you on level 2 of the Vaults)
 49091 | Vaults:2 | Found a staircase to the Crypt.
 50077 | Vaults:3 | You fall into a shaft and drop 1 floor!
 50582 | Vaults:3 | Identified the +1 robe of Lushrep {*Drain rElec rPois}
 51067 | Vaults:3 | Received a gift from Okawaru
 51068 | Vaults:3 | Identified the +9 halberd of Mastery {chop, Int+4 Dex+2}
                  | (Okawaru gifted it to you on level 3 of the Vaults)
 51488 | Vaults:4 | Found Unaesaoli's Armour Boutique.
 51957 | Vaults:4 | Received a gift from Okawaru
 51963 | Vaults:4 | Reached XP level 22. HP: 195/205 MP: 24/28
 52500 | Crypt:1  | Entered Level 1 of the Crypt
 53721 | Crypt:2  | Received a gift from Okawaru
 53765 | Crypt:2  | Identified the +5 halberd of Descent {chop, MR+} (Okawaru
                  | gifted it to you on level 2 of the Crypt)
 54306 | Crypt:2  | Found the +12 Vampire's Tooth {vamp}
 54426 | Crypt:2  | Received a gift from Okawaru
 54883 | Crypt:3  | Entered Level 3 of the Crypt
 55399 | Crypt:3  | Found a staircase to the Tomb.
 55400 | Crypt:3  | Found the +5 scythe "Finisher" {speed, eviscerate}
 55812 | Crypt:3  | Received a gift from Okawaru
 55941 | Crypt:3  | Found a basalt altar of Yredelemnul.
 58034 | Depths:1 | Entered Level 1 of the Depths
 58051 | Depths:1 | Found a gateway to Hell.
 58072 | Depths:1 | Reached skill level 1 in Spellcasting
 58078 | Depths:1 | Reached XP level 23. HP: 212/212 MP: 25/29
 58079 | Depths:1 | Received a gift from Okawaru
 58257 | Depths:1 | Received a gift from Okawaru
 58512 | Depths:1 | Found an opulent altar of Gozag.
 58515 | Depths:1 | Found Gozag's Antique Armour Shop.
 58538 | Depths:1 | Found Gozag's Assorted Antiques.
 58541 | Depths:1 | Found Gozag's Assorted Antiques.
 58731 | Depths:1 | Reached skill level 5 in Spellcasting
 58995 | Depths:1 | Found a runed translucent door.
 59277 | Depths:2 | Found a shimmering altar of Xom.
 59383 | Depths:2 | Received a gift from Okawaru
 59385 | Depths:2 | Got a pair of slimy gloves {god gift}
 59416 | Depths:2 | Identified the +0 pair of gloves of Loizxig {rPois MR+
                  | Str-4 Int+3} (Okawaru gifted it to you on level 2 of the
                  | Depths)
 59524 | Depths:2 | Found a runed translucent door.
 59539 | Depths:2 | Found a runed translucent door.
 59560 | Depths:2 | Identified the +2 scale mail of Darkness {+Fly Str+3} (You
                  | found it on level 2 of the Depths)
 59641 | Depths:2 | Found a burning altar of Makhleb.
 59681 | Depths:2 | Got a crude bone ring
 59685 | Depths:2 | Identified the ring of Xoduupp {+Fly rC+ Str+4 Dex+4} (You
                  | found it on level 2 of the Depths)
 59689 | Depths:2 | Got a smelly plate armour
 59700 | Depths:2 | Identified the +15 plate armour of Gestures {MP+9 Slay+5}
                  | (You found it on level 2 of the Depths)
 60113 | Depths:2 | Found a shimmering altar of Xom.
 60113 | Depths:2 | Found a basalt altar of Yredelemnul.
 60115 | Depths:2 | Found a sacrificial altar of Ru.
 60115 | Depths:2 | Found an ancient bone altar of Kikubaaqudgha.
 60115 | Depths:2 | Found a blossoming altar of Fedhas.
 60313 | Depths:3 | Found a gateway to a ziggurat.
 60317 | Depths:3 | Found a magical portal.
 60333 | WizLab   | Entered Lehudib's Moon Base
 60478 | WizLab   | Received a gift from Okawaru
 60483 | WizLab   | Got a steaming centaur barding {god gift}
 60503 | WizLab   | Identified the +2 centaur barding of the Unseen Realm
                  | {rPois SInv} (Okawaru gifted it to you in a wizard's
                  | laboratory)
 60894 | WizLab   | Reached XP level 24. HP: 219/219 MP: 33/33
 60948 | WizLab   | Found a transporter.
 61165 | WizLab   | Found a transporter.
 61271 | WizLab   | Gained mutation: You are occasionally teleported next to
                  | monsters. [a cacodemon]
 61307 | WizLab   | Got a crude ivory amulet
 61511 | Depths:3 | Received a gift from Okawaru
 61597 | Depths:1 | Identified the amulet of Satisfaction {Inacc rC++ Dex-5
                  | SInv} (You found it in a wizard's laboratory)
 61903 | Depths:3 | Received a gift from Okawaru
 62092 | Depths:3 | Found a one-way gate leading to the halls of Pandemonium.
 62155 | Depths:3 | Found Foecem's Gadget Boutique.
 62596 | Depths:3 | Found a runed translucent door.
 62599 | Depths:3 | Found the amulet of Vitality {Regen+ HP+15}
 62623 | Depths:3 | Reached skill level 15 in Armour
 62632 | Depths:3 | Received a gift from Okawaru
 62638 | Depths:3 | Identified the +1 centaur barding "Ivuiv" {rN+ Int-2
                  | Slay+3} (Okawaru gifted it to you on level 3 of the Depths)
 62904 | Depths:4 | Gained mutation: You do not regenerate when monsters are
                  | visible. [a shining eye]
 62918 | Depths:3 | Lost mutation: You are robust. (+10% HP) [potion of
                  | mutation]
 62918 | Depths:3 | Lost mutation: You do not regenerate when monsters are
                  | visible. [potion of mutation]
 62918 | Depths:3 | Lost mutation: Your movements are slightly less encumbered
                  | by armour. (ER -2) [potion of mutation]
 62918 | Depths:3 | Lost mutation: You are partially covered in rugged brown
                  | scales. (AC +1, +3% HP) [potion of mutation]
 62918 | Depths:3 | Gained mutation: You are sometimes teleported next to
                  | monsters. [potion of mutation]
 62918 | Depths:3 | Gained mutation: Your magical capacity is low. (-10% MP)
                  | [potion of mutation]
 62918 | Depths:3 | Gained mutation: You tend to lose your temper in combat.
                  | [potion of mutation]
 62918 | Depths:3 | Gained mutation: Your muscles are strong. (Str +2) [potion
                  | of mutation]
 62919 | Depths:3 | Lost mutation: You are clumsy. (Dex -2) [potion of
                  | mutation]
 62919 | Depths:3 | Lost mutation: Your magical capacity is low. (-10% MP)
                  | [potion of mutation]
 62919 | Depths:3 | Lost mutation: Your muscles are strong. (Str +2) [potion of
                  | mutation]
 62919 | Depths:3 | Gained mutation: You have a pair of small antennae on your
                  | head. [potion of mutation]
 62919 | Depths:3 | Gained mutation: Your system is resistant to poisons.
                  | (rPois) [potion of mutation]
 62920 | Depths:3 | Lost mutation: You are sometimes teleported next to
                  | monsters. [potion of mutation]
 62920 | Depths:3 | Lost mutation: You tend to lose your temper in combat.
                  | [potion of mutation]
 62920 | Depths:3 | Lost mutation: You have a pair of small antennae on your
                  | head. [potion of mutation]
 62920 | Depths:3 | Gained mutation: You are dopey. (Int -2) [potion of
                  | mutation]
 62920 | Depths:3 | Gained mutation: You evolve. [potion of mutation]
 62921 | Depths:3 | Lost mutation: You are dopey. (Int -2) [potion of mutation]
 62921 | Depths:3 | Lost mutation: You evolve. [potion of mutation]
 62921 | Depths:3 | Gained mutation: Scrolls take you a little longer to read.
                  | [potion of mutation]
 62921 | Depths:3 | Gained mutation: You have a pair of small horns on your
                  | head. [potion of mutation]
 62921 | Depths:3 | Gained mutation: Your flesh is heat resistant. (rF+)
                  | [potion of mutation]
 62922 | Depths:3 | Lost mutation: You can translocate small distances at will.
                  | [potion of mutation]
 62922 | Depths:3 | Lost mutation: You have a pair of small horns on your head.
                  | [potion of mutation]
 62922 | Depths:3 | Gained mutation: Your flesh is cold resistant. (rC+)
                  | [potion of mutation]
 62922 | Depths:3 | Gained mutation: You are agile. (Dex +2) [potion of
                  | mutation]
 62922 | Depths:3 | Gained mutation: You are robust. (+10% HP) [potion of
                  | mutation]
 62923 | Depths:3 | Lost mutation: Scrolls take you a little longer to read.
                  | [potion of mutation]
 62923 | Depths:3 | Lost mutation: Your system is resistant to poisons. (rPois)
                  | [potion of mutation]
 62923 | Depths:3 | Lost mutation: You are robust. (+10% HP) [potion of
                  | mutation]
 62923 | Depths:3 | Gained mutation: You evolve. [potion of mutation]
 62923 | Depths:3 | Gained mutation: Your muscles are strong. (Str +2) [potion
                  | of mutation]
 63037 | Depths:4 | Got a jewelled chain mail
 63045 | Depths:4 | Found a one-way gate to the infinite horrors of the Abyss.
 63096 | Depths:3 | Identified the +4 chain mail "Fetwo" {-Tele rF+ SInv} (You
                  | found it on level 4 of the Depths)
 63261 | Depths:4 | Found Zuodac's Antique Armour Boutique.
 63504 | Depths:4 | Noticed an ancient lich
 63512 | Depths:4 | Paralysed by an ancient lich for 3 turns
 63525 | Depths:4 | Killed an ancient lich
 63929 | Depths:4 | Reached XP level 25. HP: 201/201 MP: 33/33
 64113 | Depths:4 | Received a gift from Okawaru
 64216 | Depths:5 | Entered Level 5 of the Depths
 64376 | Depths:5 | Noticed Frederick
 64383 | Depths:5 | Killed Frederick
 64616 | Depths:5 | Received a gift from Okawaru
 64633 | Depths:5 | Found a gate to the Realm of Zot.
 64705 | Depths:5 | Received a gift from Okawaru
 64706 | Depths:5 | Identified the +1 glaive "Keubot" {venom, rN++} (Okawaru
                  | gifted it to you on level 5 of the Depths)
 65557 | Vaults:5 | Entered Level 5 of the Vaults
 65650 | Vaults:5 | Reached skill level 15 in Dodging
 65731 | Vaults:5 | Received a gift from Okawaru
 65756 | Vaults:5 | Found Tyujyoco's Gadget Shop.
 65769 | Vaults:5 | Got a silver rune of Zot
 65778 | Vaults:5 | Found Maukid's Jewellery Boutique.
 65799 | Vaults:5 | Received a gift from Okawaru
 65826 | Vaults:5 | Found Mant's Antique Weapon Boutique.
 65848 | Vaults:5 | Found Mifasuge's Antique Weapon Emporium.
 65861 | Vaults:5 | Reached XP level 26. HP: 208/217 MP: 33/33
 65917 | Vaults:5 | Reached skill level 15 in Fighting
 66144 | Vaults:5 | Identified a scroll of acquirement
 66145 | Vaults:5 | Found the +15 Maxwell's patent armour {-Cast -Tele rElec
                  | MR+ rCorr}
 66256 | Vaults:5 | Learned a level 1 spell: Apportation
 66258 | Vaults:5 | Learned a level 1 spell: Summon Butterflies
 66610 | Vaults:5 | Identified the ring "Teufayr" {rElec rF+ rN++ Str-2 Int+5}
 67448 | Zot:1    | Entered Level 1 of the Realm of Zot
 67464 | Zot:1    | Received a gift from Okawaru
 67776 | Zot:1    | Reached skill level 10 in Invocations
 68892 | Zot:2    | Reached XP level 27. HP: 220/235 MP: 33/33
 69195 | Zot:2    | Paralysed by you for 5 turns
 69264 | Zot:2    | Received a gift from Okawaru
 69412 | Zot:2    | Reached skill level 15 in Invocations
 70020 | Slime:1  | Entered Level 1 of the Pits of Slime
 70723 | Slime:2  | Received a gift from Okawaru
 71920 | Slime:4  | Lost mutation: You are occasionally teleported next to
                  | monsters. [evolution]
 71999 | Slime:5  | Entered Level 5 of the Pits of Slime
 72090 | Slime:5  | Noticed the Royal Jelly
 72215 | Slime:5  | Found the +7 lajatang of Order {silver, rMut}
 72215 | Slime:5  | Found a viscous altar of Jiyva.
 72227 | Slime:5  | Received a gift from Okawaru
 72228 | Slime:5  | Identified the +7 halberd "Sebu" {flame, rF++ rN+++ Int-4
                  | SInv} (Okawaru gifted it to you on level 5 of the Pits of
                  | Slime)
 72288 | Slime:5  | Killed the Royal Jelly
 72288 | Slime:5  | Reached skill level 10 in Charms
 72351 | Slime:5  | Got a slimy rune of Zot
 72394 | Slime:5  | Identified the cursed +1 plate armour of the Lizard {rElec
                  | rN+ MR+} (You found it on level 5 of the Pits of Slime)
 72441 | Slime:5  | Identified the Grimoire of the Supportive Mountains
 73460 | Lair:3   | Got a shimmering quarterstaff
 73461 | Lair:3   | Identified the +11 quarterstaff of Fedhas's Delight {crush,
                  | Dex+4} (You found it on level 3 of the Lair of Beasts)
 73465 | Lair:3   | Got a steaming hunting sling
 73466 | Lair:3   | Identified the cursed +1 hunting sling of the Mushroom
                  | {velocity, rN+ Str-2 Int+4} (You found it on level 3 of the
                  | Lair of Beasts)
 73602 | Lair:5   | Killed BaconRulez's ghost
 73952 | Swamp:2  | Killed suomimenusko's ghost
 74435 | Orc:2    | Bought a scroll of teleportation for 87 gold pieces
 74435 | Orc:2    | Bought a ring of strength for 58 gold pieces
 74719 | Depths:1 | Bought a runed scarf for 800 gold pieces
 74995 | Orc:2    | Bought a scroll of teleportation for 48 gold pieces
 74995 | Orc:2    | Bought a scroll of teleportation for 48 gold pieces
 74995 | Orc:2    | Bought a scroll of fog for 32 gold pieces
 75225 | Vaults:1 | Bought a scroll of teleportation for 42 gold pieces
 75225 | Vaults:1 | Bought a scroll of blinking for 105 gold pieces
 75225 | Vaults:1 | Bought a scroll of immolation for 49 gold pieces
 75225 | Vaults:1 | Bought a scroll of teleportation for 42 gold pieces
 75225 | Vaults:1 | Bought a scroll of blinking for 105 gold pieces
 75480 | Orc:2    | Bought a potion of lignification for 87 gold pieces
 75480 | Orc:2    | Bought a wand of scattershot (5) for 348 gold pieces
 75701 | D:15     | Bought a ration for 90 gold pieces
 76020 | Elf:3    | Bought a scroll of magic mapping for 94 gold pieces
 76090 | Elf:1    | Bought a scroll of teleportation for 108 gold pieces
 76090 | Elf:1    | Bought a potion of curing for 108 gold pieces
 76202 | Orc:1    | Bought a wand of digging (3) for 210 gold pieces
 76435 | D:4      | Bought a +4 ring of evasion for 468 gold pieces
 77358 | Zot:3    | Got a jet-encrusted plate armour
 77369 | Zot:3    | Identified the +3 plate armour "Toxaps" {Dex+7} (You found
                  | it on level 3 of the Realm of Zot)
 78352 | Zot:4    | Received a gift from Okawaru
 78595 | D:15     | Bought a scroll of identify for 36 gold pieces
 78762 | Vaults:1 | Bought a scroll of identify for 28 gold pieces
 78762 | Vaults:1 | Bought a scroll of identify for 28 gold pieces
 79652 | Orc:2    | Bought a scroll of identify for 32 gold pieces
 79652 | Orc:2    | Bought a scroll of identify for 32 gold pieces
 79730 | Elf:1    | Bought a scroll of identify for 72 gold pieces
 80235 | Zot:4    | Identified the +11 plate armour "Jaoba" {rN+} (Okawaru
                  | gifted it to you on level 4 of the Realm of Zot)
 80537 | Zot:4    | Identified the +1 ring mail "Ommoew" {rC++} (You found it
                  | on level 4 of the Realm of Zot)
 80654 | Zot:4    | Noticed an ancient lich
 80666 | Zot:4    | Killed an ancient lich
 81530 | Zot:5    | Entered Level 5 of the Realm of Zot
 81751 | Zot:5    | Reached skill level 1 in Translocations
 81807 | Zot:5    | Received a gift from Okawaru
 82140 | Zot:5    | Reached skill level 5 in Translocations
 82372 | Zot:5    | Noticed an orb of fire
 82375 | Zot:5    | Gained mutation: You are frail. (-10% HP) [an orb of fire]
 82377 | Zot:5    | Killed an orb of fire
 82379 | Zot:5    | Noticed an ancient lich
 82380 | Zot:5    | Killed an ancient lich
 82385 | Zot:5    | Noticed an orb of fire
 82389 | Zot:5    | Gained mutation: You tend to lose your temper in combat.
                  | [an orb of fire]
 82391 | Zot:5    | Killed an orb of fire
 82391 | Zot:5    | Noticed an orb of fire
 82392 | Zot:5    | Killed an orb of fire
 82392 | Zot:5    | Received a gift from Okawaru
 82396 | Zot:5    | Noticed an orb of fire
 82401 | Zot:5    | Noticed an ancient lich
 82410 | Zot:5    | Killed an orb of fire
 82410 | Zot:5    | Reached skill level 10 in Translocations
 82417 | Zot:5    | Killed an ancient lich
 82454 | Zot:5    | Noticed an orb of fire
 82458 | Zot:5    | Noticed an ancient lich
 82466 | Zot:5    | Killed an orb of fire
 82470 | Zot:5    | Killed an ancient lich
 82471 | Zot:5    | Noticed an orb of fire
 82495 | Zot:5    | Killed an orb of fire
 82831 | Zot:5    | Noticed an ancient lich
 82838 | Zot:5    | Killed an ancient lich
 82863 | Zot:5    | Noticed an ancient lich
 82867 | Zot:5    | Killed an ancient lich
 82867 | Zot:5    | Received a gift from Okawaru
 82946 | Zot:5    | Identified the +1 leather armour "Tihumy" {rC+ Str+3} (You
                  | found it on level 5 of the Realm of Zot)
 83058 | Zot:5    | Noticed an ancient lich
 83060 | Zot:5    | Received a gift from Okawaru
 83077 | Zot:5    | Killed an ancient lich
 83112 | Zot:5    | Reached skill level 27 in Polearms
 83115 | Zot:5    | Identified the +1 bardiche of the Imperium {protect, rC-
                  | rN+ Int+2 Dex+3} (Okawaru gifted it to you on level 5 of
                  | the Realm of Zot)
 83217 | Zot:5    | Identified the +4 robe of the Thistle {rN+ Regen+} (You
                  | found it on level 5 of the Realm of Zot)
 83677 | Vaults:5 | Bought a +5 ring of dexterity for 782 gold pieces
 83963 | Zig:1    | Entered Level 1 of a ziggurat
 83983 | Zig:1    | Identified the +2 robe "Juawire" {rF+} (You found it on
                  | level 1 of a ziggurat)
 83986 | Zig:2    | Entered Level 2 of a ziggurat
 84001 | Zig:2    | Reached skill level 1 in Summonings
 84015 | Zig:3    | Entered Level 3 of a ziggurat
 84068 | Zig:4    | Entered Level 4 of a ziggurat
 84117 | Zig:5    | Entered Level 5 of a ziggurat
 84126 | Zig:5    | Found the ring of Phasing {EV+8}
 84163 | Zig:5    | Identified the +8 ring mail of Dishonour {rCorr SInv} (You
                  | found it on level 5 of a ziggurat)
 84166 | Zig:6    | Entered Level 6 of a ziggurat
 84170 | Zig:6    | Noticed a juggernaut
 84173 | Zig:6    | Lost mutation: You tend to lose your temper in combat.
                  | [evolution]
 84175 | Zig:6    | Killed a juggernaut
 84175 | Zig:6    | Received a gift from Okawaru
 84175 | Zig:6    | Reached skill level 5 in Summonings
 84241 | Zig:6    | Learned a level 8 spell: Controlled Blink
 84258 | Zig:6    | Learned a level 6 spell: Invisibility
 84265 | Zig:6    | Learned a level 6 spell: Deflect Missiles
 84267 | Zig:7    | Entered Level 7 of a ziggurat
 84308 | Zig:7    | Received a gift from Okawaru
 84332 | Zig:7    | Got a smoking copper ring
 84333 | Zig:7    | Identified the ring "Ampus" {rElec rPois rF+++ rC- Stlth+}
                  | (You found it on level 7 of a ziggurat)
 84340 | Zig:8    | Entered Level 8 of a ziggurat
 84416 | Zig:8    | Got a heavily runed ivory ring
 84417 | Zig:8    | Identified the ring of Ashenzari's Delight {Str+3 Dex+3}
                  | (You found it on level 8 of a ziggurat)
 84419 | Zig:8    | Identified the +9 halberd of the Saviour {holy, rElec} (You
                  | found it on level 8 of a ziggurat)
 84494 | Zig:9    | Entered Level 9 of a ziggurat
 84502 | Zig:9    | Noticed Kahi the pandemonium lord
 84503 | Zig:9    | Noticed Peppar the pandemonium lord
 84520 | Zig:9    | Killed Kahi the pandemonium lord
 84525 | Zig:9    | Reached skill level 15 in Translocations
 84537 | Zig:9    | Killed Peppar the pandemonium lord
 84574 | Zig:10   | Entered Level 10 of a ziggurat
 84688 | Zig:11   | Entered Level 11 of a ziggurat
 84752 | Zig:11   | Got a translucent copper ring
 84753 | Zig:11   | Identified the ring of Diamet {+Fly Str+7} (You found it on
                  | level 11 of a ziggurat)
 84761 | Zig:11   | Got a wavering silver amulet
 84762 | Zig:11   | Identified the amulet "Ajat" {Spirit rC++ Int-3 Slay+5}
                  | (You found it on level 11 of a ziggurat)
 84763 | Zig:11   | Identified the Guide on Cloudy Envenoming
 84767 | Zig:11   | Got a faintly glowing lapis lazuli ring
 84768 | Zig:11   | Identified the ring "Xoan Osa" {rPois AC+4 Int+4 Dex-3
                  | SInv} (You found it on level 11 of a ziggurat)
 84813 | Zig:12   | Entered Level 12 of a ziggurat
 84959 | Zig:13   | Entered Level 13 of a ziggurat
 85000 | Zig:13   | Received a gift from Okawaru
 85001 | Zig:13   | Identified the +1 halberd of the People {protect, rN+ SInv}
                  | (Okawaru gifted it to you on level 13 of a ziggurat)
 85043 | Zig:13   | Found the ring of the Octopus King
 85044 | Zig:13   | Found the +10 dark maul {crush}
 85055 | Zig:13   | Identified a ring of the Octopus King {rF+ AC+1 EV+1 Str+1
                  | Int+1 Dex+1} (You found it on level 13 of a ziggurat)
 85358 | Zig:14   | Entered Level 14 of a ziggurat
 85455 | Zig:14   | Reached skill level 10 in Evocations
 85472 | Zig:14   | Found the +7 mace of Variability {chain chaos}
 85501 | Zig:14   | Identified the Incunabulum of Toxins and Necromancy
 85508 | Zig:14   | Identified Usiblas's Compendium of Translocation and
                  | Attacks
 85524 | Zig:15   | Entered Level 15 of a ziggurat
 85573 | Zig:15   | Received a gift from Okawaru
 85584 | Zig:15   | Found the macabre finger necklace {rN+}
 85870 | Pan      | Entered Pandemonium
 86097 | Pan      | Entered the realm of Gloorx Vloq.
 87397 | Pan      | Noticed Gloorx Vloq
 87403 | Pan      | Killed Gloorx Vloq
 87484 | Pan      | Got a dark rune of Zot
 87745 | Pan      | Noticed Teowuumorr the pandemonium lord
 87766 | Pan      | Killed Teowuumorr the pandemonium lord
 87766 | Pan      | Received a gift from Okawaru
 87784 | Pan      | Got a demonic rune of Zot
 88216 | Pan      | Gained mutation: Your flesh is very heat resistant. (rF++)
                  | [evolution]
 88448 | Pan      | Got a pair of translucent gloves
 88459 | Pan      | Identified the +3 pair of gloves of the Alphagorgon {Str+5}
                  | (You acquired it in Pandemonium)
 88494 | Pan      | Found an exit through the horrors of the Abyss.
 88643 | Pan      | Identified the ring "Luyluud" {+Blink rPois rF+ rCorr
                  | Dex-2}
 88739 | Pan      | Reached skill level 10 in Spellcasting
 88831 | Pan      | Noticed Remyqos the pandemonium lord
 88884 | Pan      | Killed Remyqos the pandemonium lord
 88884 | Pan      | Received a gift from Okawaru
 89606 | Pan      | Entered the realm of Mnoleg.
 89631 | Pan      | Lost mutation: You are agile. (Dex +2) [a neqoxec]
 89874 | Pan      | Noticed Mnoleg
 89889 | Pan      | Killed Mnoleg
 89911 | Pan      | Got a glowing rune of Zot
 90042 | Pan      | Got a slimy hat
 90043 | Pan      | Gained mutation: Your body sometimes deteriorates upon
                  | taking damage. [a neqoxec]
 90055 | Pan      | Gained mutation: You occasionally shout uncontrollably at
                  | your foes. [a neqoxec]
 90092 | Pan      | Identified the +2 hat of Zin's Displeasure {-Cast rElec
                  | rN+++ rCorr} (You found it in Pandemonium)
 90114 | Pan      | Lost mutation: You are frail. (-10% HP) [potion of
                  | mutation]
 90114 | Pan      | Lost mutation: Your flesh is cold resistant. (rC+) [potion
                  | of mutation]
 90114 | Pan      | Lost mutation: Your body sometimes deteriorates upon taking
                  | damage. [potion of mutation]
 90114 | Pan      | Lost mutation: Your flesh is very heat resistant. (rF++)
                  | [potion of mutation]
 90114 | Pan      | Gained mutation: You are partially covered in thin metallic
                  | scales. (AC +2) [potion of mutation]
 90126 | Pan      | Entered the realm of Lom Lobon.
 90539 | Pan      | Received a gift from Okawaru
 90540 | Pan      | Got an encrusted cloak {god gift}
 90551 | Pan      | Identified the +0 cloak of Incorporation {MR+ Int+3 SInv}
                  | (Okawaru gifted it to you in Pandemonium)
 90983 | Pan      | Noticed Lom Lobon
 90989 | Pan      | Killed Lom Lobon
 91006 | Pan      | Got a magical rune of Zot
 91173 | Pan      | Entered the realm of Cerebov.
 91356 | Pan      | Found an exit through the horrors of the Abyss.
 92045 | Pan      | Identified the +6 sword of Cerebov {flame}
 92045 | Pan      | Noticed Cerebov
 92058 | Pan      | Killed Cerebov
 92088 | Pan      | Got a crude brass ring
 92090 | Pan      | Identified the ring "Yrhomi" {rElec rPois rCorr Stlth-}
                  | (You found it in Pandemonium)
 92128 | Pan      | Got a fiery rune of Zot
 92394 | Pan      | Took an exit into the Abyss.
 92394 | Abyss:1  | Escaped into the Abyss
 92549 | Depths:3 | Escaped the Abyss
 92604 | Hell     | Entered the Vestibule of Hell
 92604 | Hell     | Noticed Geryon
 92621 | Hell     | Killed Geryon
 92633 | Hell     | Received a gift from Okawaru
 92987 | Hell     | Found a gateway to the ashen valley of Gehenna.
 92997 | Geh:1    | Entered Level 1 of Gehenna
 93002 | Geh:1    | You fall into a shaft and drop 1 floor!
 93223 | Geh:6    | Gained mutation: You are covered in fur. (AC +1)
                  | [evolution]
 93334 | Geh:7    | Entered Level 7 of Gehenna
 93583 | Geh:7    | Learned a level 6 spell: Dispersal
 93587 | Geh:7    | Learned a level 3 spell: Lesser Beckoning
 93592 | Geh:7    | Learned a level 4 spell: Passage of Golubria
 93806 | Geh:7    | Received a gift from Okawaru
 93807 | Geh:7    | Found the +3 hat of Pondering {ponderous, MR+ MP+10 Int+5}
 93881 | Geh:7    | Noticed the Serpent of Hell
 93890 | Geh:7    | Killed the Serpent of Hell
 94688 | Geh:7    | Identified the +7 sceptre of Asmodeus
 94688 | Geh:7    | Noticed Asmodeus
 94696 | Geh:7    | Killed Asmodeus
 94736 | Geh:7    | Got an obsidian rune of Zot
 94976 | Hell     | Found a gateway to the decaying netherworld of Tartarus.
 94984 | Tar:1    | Entered Level 1 of Tartarus
 95206 | Tar:2    | Received a gift from Okawaru
 95208 | Tar:2    | Got an ichor-stained helmet {god gift}
 95793 | Tar:3    | Reached skill level 15 in Evocations
 96426 | Tar:7    | Entered Level 7 of Tartarus
 96861 | Tar:7    | Received a gift from Okawaru
 97033 | Tar:7    | Noticed Ereshkigal
 97058 | Tar:7    | Killed Ereshkigal
 97064 | Tar:7    | Received a gift from Okawaru
 97092 | Tar:7    | Got a bone rune of Zot
 97249 | Tar:7    | Identified Magic, Part One
 97253 | Tar:7    | Got a twitching lapis lazuli ring
 97359 | Tar:7    | Identified the Tome of Burning Conjuration
 97394 | Tar:7    | Noticed an ancient lich
 97406 | Tar:7    | Killed an ancient lich
 97629 | Hell     | Found a gateway to the freezing wastes of Cocytus.
 97652 | Hell     | Identified the ring "Archal" {rPois rF+ MP+9 Int+2} (You
                  | found it on level 7 of Tartarus)
 97740 | Coc:1    | Entered Level 1 of Cocytus
 97883 | Coc:2    | You fall into a shaft and drop 2 floors!
 97914 | Coc:5    | Received a gift from Okawaru
 98101 | Coc:7    | Entered Level 7 of Cocytus
 98622 | Coc:7    | Got a fine lead ring
 98624 | Coc:7    | Identified the ring of Liberalism {Fire rPois MR+ Str+4
                  | Dex+3} (You found it on level 7 of Cocytus)
 98627 | Coc:7    | Got a slimy granite ring
 98632 | Coc:7    | Identified the ring "Raghul" {*Tele rElec rPois Str-4} (You
                  | found it on level 7 of Cocytus)
 98812 | Coc:7    | Received a gift from Okawaru
 99057 | Coc:7    | Noticed Antaeus
 99083 | Coc:7    | Killed Antaeus
 99083 | Coc:7    | Received a gift from Okawaru
 99089 | Coc:7    | Got a dazzling centaur barding {god gift}
 99221 | Coc:7    | Got an icy rune of Zot
 99323 | Hell     | Found a gateway to the Iron City of Dis.
 99389 | Dis:1    | Entered Level 1 of the Iron City of Dis
 99861 | Dis:4    | You fall into a shaft and drop 1 floor!
 99951 | Dis:6    | You fall into a shaft and drop 1 floor!
 99951 | Dis:7    | Entered Level 7 of the Iron City of Dis
100025 | Dis:7    | Identified the +1 centaur barding of Peisig {+Blink rPois}
                  | (Okawaru gifted it to you on level 7 of Cocytus)
100323 | Dis:7    | Received a gift from Okawaru
100644 | Dis:7    | Identified the +4 staff of Dispater
100644 | Dis:7    | Noticed Dispater
100657 | Dis:7    | Killed Dispater
100685 | Dis:7    | Got an iron rune of Zot
101194 | Tomb:1   | Entered Level 1 of the Tomb of the Ancients
101643 | Tomb:1   | Noticed a greater mummy
101643 | Tomb:1   | Noticed a greater mummy
101683 | Tomb:1   | Killed a greater mummy
101692 | Tomb:1   | Killed a greater mummy
101959 | Tomb:1   | Noticed a greater mummy
101972 | Tomb:1   | Noticed a greater mummy
101975 | Tomb:1   | Killed a greater mummy
101988 | Tomb:1   | Noticed a greater mummy
102001 | Tomb:1   | Killed a greater mummy
102002 | Tomb:1   | Killed a greater mummy
102016 | Tomb:1   | Noticed a greater mummy
102031 | Tomb:1   | Killed a greater mummy
102055 | Tomb:1   | Noticed a greater mummy
102060 | Tomb:1   | Killed a greater mummy
102060 | Tomb:1   | Received a gift from Okawaru
102209 | Tomb:1   | Noticed a greater mummy
102216 | Tomb:1   | Killed a greater mummy
102264 | Tomb:1   | Noticed a greater mummy
102282 | Tomb:1   | Noticed a greater mummy
102294 | Tomb:1   | Killed a greater mummy
102296 | Tomb:1   | Killed a greater mummy
102312 | Tomb:1   | Noticed a greater mummy
102322 | Tomb:1   | Killed a greater mummy
102322 | Tomb:1   | Received a gift from Okawaru
102393 | Tomb:1   | Noticed a greater mummy
102405 | Tomb:1   | Killed a greater mummy
102540 | Tomb:1   | Noticed a greater mummy
102569 | Tomb:1   | Killed a greater mummy
102591 | Tomb:1   | Noticed a greater mummy
102591 | Tomb:1   | Noticed a greater mummy
102603 | Tomb:1   | Noticed a greater mummy
102607 | Tomb:1   | Killed a greater mummy
102608 | Tomb:1   | Killed a greater mummy
102617 | Tomb:1   | Killed a greater mummy
102626 | Tomb:1   | Noticed a greater mummy
102629 | Tomb:1   | Killed a greater mummy
102633 | Tomb:1   | Noticed a greater mummy
102646 | Tomb:1   | Noticed a greater mummy
102660 | Tomb:1   | Killed a greater mummy
102670 | Tomb:1   | Reached skill level 27 in Fighting
102675 | Tomb:1   | Killed a greater mummy
102927 | Tomb:2   | Noticed a greater mummy
102931 | Tomb:2   | Noticed a greater mummy
102976 | Tomb:2   | Killed a greater mummy
102990 | Tomb:2   | Noticed a greater mummy
102995 | Tomb:2   | Killed a greater mummy
103004 | Tomb:2   | Noticed a greater mummy
103006 | Tomb:2   | Received a gift from Okawaru
103011 | Tomb:2   | Killed a greater mummy
103029 | Tomb:2   | Killed a greater mummy
104177 | Tomb:3   | Entered Level 3 of the Tomb of the Ancients
104183 | Tomb:3   | Noticed Jory
104196 | Tomb:2   | Killed Jory
104233 | Tomb:3   | Noticed a greater mummy
104234 | Tomb:3   | Noticed a greater mummy
104236 | Tomb:3   | Noticed a greater mummy
104236 | Tomb:3   | Noticed a greater mummy
104242 | Tomb:3   | Got a golden rune of Zot
104246 | Tomb:3   | Found the ring of Shadows {Umbra +Inv Stlth+}
104304 | Tomb:1   | Gained mutation: Your body sometimes deteriorates upon
                  | taking damage. [mutagenic glow]
104389 | Crypt:3  | Lost mutation: Your muscles are strong. (Str +2) [potion of
                  | mutation]
104389 | Crypt:3  | Lost mutation: Your flesh is heat resistant. (rF+) [potion
                  | of mutation]
104389 | Crypt:3  | Gained mutation: Your body often deteriorates upon taking
                  | damage. [potion of mutation]
104389 | Crypt:3  | Gained mutation: You possess an exceptional clarity of
                  | mind. [potion of mutation]
104389 | Crypt:3  | Gained mutation: You are robust. (+10% HP) [potion of
                  | mutation]
104390 | Crypt:3  | Lost mutation: Your body often deteriorates upon taking
                  | damage. [potion of mutation]
104390 | Crypt:3  | Lost mutation: Your body sometimes deteriorates upon taking
                  | damage. [potion of mutation]
104390 | Crypt:3  | Lost mutation: You are robust. (+10% HP) [potion of
                  | mutation]
104390 | Crypt:3  | Gained mutation: Your spells are a little harder to cast,
                  | but a little more powerful. [potion of mutation]
104390 | Crypt:3  | Gained mutation: You have a pair of small horns on your
                  | head. [potion of mutation]
104963 | Zot:5    | Got the Orb of Zot
105220 | Depths:4 | Noticed Qoenumol the pandemonium lord
105255 | Depths:2 | Noticed Titoydan the pandemonium lord
105762 | D:$      | Escaped with the Orb!

Levels and vault maps discovered:
D:1:      sevenhm_arrival_forest_fort_small_3, layout_basic
D:2:      layout_basic
D:3:      layout_loops_corners, old_standard_altar,
          chequers_ecumenical_altar_grove
D:4:      layout_loops_ring, overflow_temple_1_default,
          kiku_gazebo_garden_becter, serial_shops, nicolae_shop_behind_doors
D:5:      layout_loops_ring, grunt_temple_overflow_open, first_ration,
          kennysheep_generic_room_16
D:6:      lemuel_insect_pit, layout_loops_corners, uniq_eustachio
D:7:      kb_forest_paths, layout_basic, nicolae_overflow_crystal_walls,
          grunt_qazlal_clouds, temple_doors_ab
D:8:      layout_loops_ring, uniq_pikel
D:9:      layout_roguey, erik_lair_orcish_takeover, uniq_prince_ribbit1
D:10:     layout_loops_cross, minmay_orc_entry_temple_small
D:11:     layout_basic, gauntlet_entry_generic
D:12:     layout_loops_ring
D:13:     layout_rooms, basic_altar, uniq_rupert
D:14:     layout_loops_cross, skrybe_vaults_entry_preservation,
          chequers_serial_rivers_small_3, hangedman_stone_soup, minivault_12,
          uniq_josephine
D:15:     grunt_enter_depths_giant_problem, layout_loops_ring, serial_shops,
          shop, corexii_hall_statues_x, wad_rectangle_vault
Temple:   hc_temple_tempest_star
Lair:1:   layout_regular_city, beast_lair_carwin_9, uniq_fannar
Lair:2:   layout_gridlike, beast_lair_carwin_5, lemuel_fruit_tree
Lair:3:   statuecave_lemuel, layout_loops_ring
Lair:4:   layout_roguey [special_room_mythical_zoo], palyth_hydra_swamp_entry,
          spider_nest_entry_webs
Lair:5:   layout_long_grid, minmay_slime_entry_pillars,
          ebering_ghost_disaster_area, disabler_island, grunt_megastairs_5
Lair:6:   cheibrodos_lair_end_hotspot, layout_regular_city,
          bobbens_dragon_lair_wall
Swamp:1:  layout_falls_marsh, evilmike_swamp_ruin_house_6,
          nicolae_swamp_triple_paths, uniq_aizul
Swamp:2:  layout_basic_swamp, ebering_ghost_disaster_area, basic_altar,
          swamp_pool1, st_swamp_mini, uniq_louise
Swamp:3:  layout_basic_swamp, evilmike_swamp_ruin_house_1
Swamp:4:  swamp_old_school, layout_basic_swamp, swamp_pool2
Spider:1: layout_chambers
Spider:2: layout_chambers
Spider:3: layout_chambers
Spider:4: grunt_spider_rune_circles, minivault_29
Slime:1:  layout_caves
Slime:2:  layout_caves
Slime:3:  layout_caves, nicolae_slime_welcoming_committee
Slime:4:  nicolae_slime_jelly_donut, layout_caves
Slime:5
Orc:1:    layout_diamond_mine, serial_shops, shop, nicolae_shop_statue_plus,
          nicolae_shop_temple_entry_statues_fountains
Orc:2:    st_orc_town, layout_caves, nicolae_orc_sculptors_studio
Elf:1:    eino_elf_arrival_altar, layout_loops_ring, serial_shops, shop,
          orc_legates, uniq_frances
Elf:2:    layout_geoelf_grid
Elf:3:    grunt_elf_hall_diamonds, layout_geoelf_grid, serial_shops,
          nicolae_shop_crystal
Vaults:1: v_alt_pattern_2, v_pattern_5, ontoclasm_vaults_shuriken, v_misc_12,
          grunt_vaults_funnel, nicolae_vaults_what_the_h,
          dpeg_vaults_monster_box, st_more_cells, vaults_dpeg_ring,
          vaults_dpeg_hooks, vaults_dpeg_diagonal, layout_vaults_omnicross,
          serial_shops, shop
Vaults:2: blue_anna_dwarven_crypt, nicolae_vaults_triangles, v_rooms_4,
          vaults_standard_mumra_x, v_misc_9, v_alt_pattern_3,
          vaults_mumra_chevron_long, nicolae_vaults_murderbox,
          layout_vaults_quadrants
Vaults:3: ontoclasm_vaults_misaligned, hangedman_vaults_hat,
          hangedman_vaults_stream, vaults_room_grunt_arrival_ludios,
          grunt_vaults_twisty, hangedman_vaults_corner,
          nicolae_vaults_little_squares_2, grunt_vaults_focal,
          nicolae_vaults_back_hallway, v_misc_5, v_misc_14,
          hangedman_vaults_stretched_pinwheel, vaults_room_pool,
          layout_vaults_omnibox
Vaults:4: v_pattern_1, vaults_mumra_chevron, nicolae_vaults_little_squares_2,
          vaults_room_pools, v_misc_29, grunt_vaults_diagonal,
          nicolae_vaults_asterisk, v_alt_pattern_1, ontoclasm_vaults_pinch,
          vaults_room_hangedman_quadrants, layout_vaults_big_room, serial_shops,
          nicolae_shop_statue_plus
Vaults:5: serial_shops
Crypt:1:  layout_basic, grunt_crypt_arrival_webbed
Crypt:2:  layout_catacombs, st_stairs_7, serial_sigils_hangedman_snap,
          minmay_guarded_unrand_vampires_tooth
Crypt:3:  evilmike_haunted_forest
Tomb:1
Tomb:2
Tomb:3:   uniq_jory
Depths:1: kennysheep_gozag_temple, layout_twisted_cross, hell_entry,
          st_stairs_6, serial_sigils_hangedman_shear, kennysheep_treasure_room
Depths:2: evilmike_makhleb_hellhole, layout_cave_pools, serial_bayou_pond_b,
          hangedman_geh_valley, doesnt_xom_only_xom
Depths:3: minmay_gate_of_8, layout_cave_shapes, enter_ziggurat_b,
          rand_demon_pan_entry_7, hangedman_coc_ice_floe, kennysheep_crisscross,
          mu_enter_wizlab_3, serial_shops, shop_coins,
          kennysheep_nondecorative_pillar, serial_bayou_shore_a,
          infiniplex_staircase_zigzag_4
Depths:4: minmay_quantized_circle, layout_cave_pools, hell_entry, serial_shops,
          shop, nicolae_abyss_entry_one_way_or_another
Depths:5: evilmike_zot_entry_argh, layout_small_grid, grunt_mini_vestibule,
          minmay_misc_feat_hallway, grunt_ministairs_13, moated_statue,
          uniq_frederick
Hell
Dis:1:    layout_gridville
Dis:2:    layout_chaotic_city
Dis:3:    layout_jigsaw
Dis:4:    layout_subdivisions
Dis:5:    layout_chaotic_city, grunt_megastairs_4
Dis:6:    layout_chaotic_city, nrook_loot_triangle
Dis:7:    dis_grunt_layers
Geh:1:    layout_gehenna_lava_caves
Geh:2:    layout_gehenna_pools_triple
Geh:3:    layout_gehenna_pools_basic, lemuel_hellion_isle
Geh:4:    layout_gehenna_pools_box, grunt_megastairs_3
Geh:5:    layout_gehenna_pools_basic
Geh:6:    layout_gehenna_lava_caves
Geh:7:    geh_mu
Coc:1:    layout_ice_bergs
Coc:2:    layout_cocytus_water_paths, serial_ice
Coc:4:    layout_cocytus_water_paths
Coc:5:    layout_cocytus_water_paths
Coc:6:    layout_cocytus_water_paths
Coc:7:    coc_mu
Tar:1:    layout_honeycomb
Tar:2:    layout_grid_maze
Tar:3:    layout_cathedral_of_symmetry, nicolae_tar_cuneiform_not
Tar:4:    layout_cathedral_of_symmetry
Tar:5:    layout_honeycomb
Tar:6:    layout_honeycomb
Tar:7:    tar_grunt_cathedral
Zot:1:    layout_onion_interference
Zot:2:    gammafunk_mikee_crab_dinner, layout_basic, drop_trap
Zot:3:    infiniplex_zot_generator, layout_twisted_circle
Zot:4:    ebering_klown_carousel, layout_gridlike
Zot:5:    layout_basic, grunt_ministairs_9, bh_zot_lava_cross,
          hangedman_zot_decor_scrapings, st_stairs_5

Skill      XL: |  1  2  3  4  5  6  7  8  9 10 11 12 13 14 15 16 17 18 19 20 21 22 23 24 25 26 27 |
---------------+----------------------------------------------------------------------------------+-----
Polearms       | 2 3 4 5 7 8 10 12 14 16 18 19 20 22 24 26 27 | 27.0
Invocations    | 4 5 8 13 22 | 22.6
Fighting       | 10 12 14 17 27 | 27.0
Armour         | 3 7 10 13 15 | 15.0
Dodging        | 2 5 10 12 15 18 | 18.7
Charms         | 5 8 10 | 10.5
Hexes          | 5 7 |  7.3
Evocations     | 8 18 | 18.6
Necromancy     | 4 8 |  8.8
Spellcasting   | 1 7 12 | 12.9
Translocations | 24 | 24.1
Summonings     | 5 |  5.6
Shields        | |  2.1

Action                   |  1- 3 |  4- 6 |  7- 9 | 10-12 | 13-15 | 16-18 | 19-21 | 22-24 | 25-27 || total
-------------------------+-------+-------+-------+-------+-------+-------+-------+-------+-------++-------
Melee: Trident           |   144 |   174 |   281 |   502 |   554 |   248 |       |       |       ||  1903
       Kick              |     9 |    31 |    44 |   108 |   532 |   557 |   406 |   626 |  2849 ||  5162
       Halberd           |       |       |       |       |  1066 |   175 |       |       |       ||  1241
       Bardiche          |       |       |       |       |   317 |   483 |  1382 |   402 |   286 ||  2870
       Demon trident     |       |       |       |       |       |   317 |     3 |       |       ||   320
       Glaive            |       |       |       |       |       |   427 |    12 |       |       ||   439
       Scythe            |       |       |       |       |       |       |       |  1143 |  6924 ||  8067
       Lajatang          |       |       |       |       |       |       |       |       |   150 ||   150
       Headbutt          |       |       |       |       |       |       |       |       |     8 ||     8
Throw: Dart              |       |     5 |     4 |     1 |       |       |       |       |       ||    10
 Cast: Song of Slaying   |       |       |       |       |     3 |    31 |    24 |    37 |    53 ||   148
       Spectral Weapon   |       |       |       |       |       |    36 |    57 |    77 |    81 ||   251
       Regeneration      |       |       |       |       |       |    30 |    60 |    63 |   124 ||   277
       Controlled Blink  |       |       |       |       |       |       |       |       |    12 ||    12
       Apportation       |       |       |       |       |       |       |       |       |     3 ||     3
       Summon Butterflie |       |       |       |       |       |       |       |       |     2 ||     2
Invok: Heroism           |       |       |       |     5 |    11 |    14 |     5 |     2 |    19 ||    56
       Finesse           |       |       |       |     1 |    10 |     9 |     4 |     3 |    58 ||    85
 Abil: Evoke Invisibilit |       |       |       |       |       |     4 |     5 |       |       ||     9
       Evoke Flight      |       |       |       |       |       |       |       |       |    15 ||    15
       Stop Flying       |       |       |       |       |       |       |       |       |     2 ||     2
Evoke: Wand              |       |       |       |     8 |    14 |    18 |    14 |     6 |     8 ||    68
       Lamp of fire      |       |       |       |       |     1 |     4 |     6 |     1 |    11 ||    23
       Lightning rod     |       |       |       |       |       |       |     7 |       |     3 ||    10
  Use: Scroll            |     6 |     3 |     7 |     7 |    20 |    12 |    11 |     8 |    64 ||   138
       Potion            |     1 |     1 |     1 |     4 |     5 |     1 |    18 |     6 |    29 ||    66
 Stab: Distracted        |       |       |       |       |     1 |       |     6 |    12 |    22 ||    41
       Confused          |       |       |       |       |       |     1 |       |       |       ||     1
       Invisible         |       |       |       |       |       |    14 |    21 |       |       ||    35
       Held in net/web   |       |       |       |       |       |     2 |       |       |       ||     2
       Sleeping          |       |       |       |       |       |     1 |       |     1 |     9 ||    11
  Eat: Chunk             |     2 |     5 |     9 |    14 |    14 |     9 |    14 |     9 |     4 ||    80
       Ration            |       |       |       |     1 |     9 |    13 |    14 |    13 |    42 ||    92
Armor: Scale mail        |    56 |    35 |       |       |       |   356 |       |       |       ||   447
       Ring mail         |       |    58 |    70 |    56 |       |       |       |       |       ||   184
       Robe              |       |       |       |    29 |       |       |       |       |       ||    29
       Chain mail        |       |       |       |    10 |   821 |   693 |   657 |   314 |       ||  2495
       Plate armour      |       |       |       |       |       |       |       |   124 |   658 ||   782
       Troll leather arm |       |       |       |       |       |       |       |    54 |   847 ||   901
Dodge: Dodged            |    17 |    16 |    21 |    41 |   363 |   497 |   348 |   308 |  2964 ||  4575
Block: Shield            |    31 |    45 |    39 |    90 |    32 |       |       |       |       ||   237
